Workbook

Sheet Dans
N1: =SUM(N4:N10) -> 289154500 | O1: =SUM(O5:O10) -> 10500000 | P1: =SUM(P5:P10) -> 59764884 | Q1: =SUM(Q5:Q10) -> 17208000
A2: Хэрэглэгч: ЖИДАКС ХК Харилцах -MNT /2025 он/
A3: Орлого | B3: 1 сар | C3: 2 сар | D3: 3 сар | E3: 4 сар | F3: 5 сар | G3: 6 сар | H3: 7 сар | I3: 8 сар | J3: 9 сар | K3: 10 сар | L3: 11 сар | M3: 12 сар | N3: Хаан төгрөг | O3: ХХБанк төгрөг | P3: ХХБ-Доллар | Q3: Golomt | R3: Нийт | S3: Мөнгөн гүйлгээ
A4: Данс хооронд орлого | B4: 100000 | H4: 0 | I4: 0 | J4: 0 | K4: 0 | L4: 0 | M4: 0 | N4: =SUM(B4:M4) -> 100000 | O4: =+'[1]TDBM mnt'!N5 -> 47109400 | R4: =SUM(N4:Q4) -> 47209400
A5: Борлуулалтын орлого | B5: 58080000 | D5: 11020000 | E5: 34131500 | F5: 7970000 | G5: 27658000 | H5: 14350000 | I5: 21165000 | J5: 34350000 | K5: 18090000 | L5: =SUMIF('[1]khan10-12'!$G$18:$G$27,A5,'[1]khan10-12'!$H$18:$H$27) -> 14650000 | M5: 19290000 | N5: =SUM(B5:M5) -> 260754500 | Q5: =+[1]Golomt!G8+[1]Golomt!G12 -> 17208000 | R5: =SUM(N5:Q5) -> 277962500 | S5: Бараа борлуулсан, үйлчилгээ үзүүлсэний орлого
A6: Зээл төлөв. МДК-с | H6: 0 | I6: 0 | J6: 0 | K6: 0 | L6: =SUMIF('[1]khan10-12'!$G$18:$G$27,A6,'[1]khan10-12'!$H$18:$H$27) -> 0 | M6: 0 | N6: =SUM(B6:M6) -> 0 | R6: =SUM(N6:Q6) -> 0
A7: Зээл төлөв. Акататур-с | E7: 5000000 | H7: 0 | I7: 0 | J7: 0 | K7: 0 | L7: =SUMIF('[1]khan10-12'!$G$18:$G$27,A7,'[1]khan10-12'!$H$18:$H$27) -> 0 | M7: 0 | N7: =SUM(B7:M7) -> 5000000 | O7: 1000000 | R7: =SUM(N7:Q7) -> 6000000 | S7: Бусдад олгосон зээл, мөнгөн урьдчилгааны буцаан төлөлт
A8: Зээл төлөв. Их Бараат-с | H8: 0 | I8: 0 | J8: 0 | K8: 0 | L8: =SUMIF('[1]khan10-12'!$G$18:$G$27,A8,'[1]khan10-12'!$H$18:$H$27) -> 0 | M8: 0 | N8: =SUM(B8:M8) -> 0 | R8: =SUM(N8:Q8) -> 0
A9: Зээлдүүлэв. Лий-с | B9: 10000000 | D9: 2500000 | E9: 200000 | G9: 3800000 | H9: 1800000 | I9: 0 | J9: 0 | K9: 2000000 | L9: =SUMIF('[1]khan10-12'!$G$18:$G$27,A9,'[1]khan10-12'!$H$18:$H$27) -> 1000000 | M9: 2000000 | N9: =SUM(B9:M9) -> 23300000 | O9: =+'[1]TDBM mnt'!N9 -> 9500000 | R9: =SUM(N9:Q9) -> 32800000 | S9: Бусдад олгосон зээл, мөнгөн урьдчилгааны буцаан төлөлт
A10: БО Айти үйлчилгээний | H10: 0 | I10: 0 | J10: 0 | K10: 0 | L10: 0 | M10: 0 | N10: =SUM(B10:M10) -> 0 | P10: =+'[1]TDBM USD'!H11+'[1]TDBM USD'!H13+'[1]TDBM USD'!H16 -> 59764884 | R10: =SUM(N10:Q10) -> 59764884 | S10: Бусад мөнгөн орлого | T10: uoo
A11: Зарлага | H11: 0 | I11: 0 | J11: 0 | K11: 0 | L11: 0 | M11: 0 | N11: =SUM(B11:M11) -> 0 | R11: =SUM(N11:Q11) -> 0 | T11: =+R10+Bor!K19 -> 67334384
A12: Гаалийн татварт | E12: 5216837.5 | H12: 2132000 | I12: 10500.93 | J12: 0 | K12: 0 | L12: 10600 | M12: 0 | N12: =SUM(B12:M12) -> 7369938.5 | R12: =SUM(N12:Q12) -> 7369938.5 | S12: Бараа материал худалдан авахад төлсөн
A13: БМ:Цагаан будаа 20кг | B13: 5925360 | H13: 0 | I13: 0 | J13: 0 | K13: 0 | L13: 0 | M13: 0 | N13: =SUM(B13:M13) -> 5925360 | O13: =+'[1]TDBM mnt'!N17+'[1]TDBM mnt'!N18+'[1]TDBM mnt'!N20 -> 12126960 | R13: =SUM(N13:Q13) -> 18052320 | S13: Бараа материал худалдан авахад төлсөн
A14: Цалин | B14: 1180490.4 | D14: 1292475 | E14: 1899845.4 | F14: 1113795.1 | G14: 718344.07 | H14: 718344 | I14: 718344 | J14: 718344 | K14: 687112 | L14: 718344 | M14: 718344 | N14: =SUM(B14:M14) -> 10483782 | O14: =+'[1]TDBM mnt'!N22 -> 1831425 | R14: =SUM(N14:Q14) -> 12315207 | S14: Ажиллагчдад төлсөн
A15: НӨАТ-Гааль | O15: =+'[1]TDBM mnt'!N19+'[1]TDBM mnt'!N21 -> 19161439 | R15: =SUM(N15:Q15) -> 19161439 | S15: Бараа материал худалдан авахад төлсөн
A16: НДШ | H16: 0 | I16: 0 | J16: 3000000 | K16: 0 | L16: 0 | M16: 1000000 | N16: =SUM(B16:M16) -> 4000000 | R16: =SUM(N16:Q16) -> 4000000 | S16: Нийгмийн даатгалын байгууллагад төлсөн
A17: ХХОАТ | H17: 0 | I17: 0 | J17: 0 | K17: 0 | L17: 0 | M17: 0 | N17: =SUM(B17:M17) -> 0 | R17: =SUM(N17:Q17) -> 0
A18: Түрээсийн барьцаа авлага | I18: 0 | J18: 1800000 | K18: 0 | L18: 0 | M18: 0 | N18: =SUM(B18:M18) -> 1800000 | R18: =SUM(N18:Q18) -> 1800000 | S18: Бусдад олгосон зээл болон урьдчилгаа
A19: Агуулахын түрээс | I19: 0 | J19: 1980000 | K19: 1980000 | L19: 1980000 | M19: 1980000 | N19: =SUM(B19:M19) -> 7920000 | R19: =SUM(N19:Q19) -> 7920000 | S19: Бусад мөнгөн зарлага
A20: Домайн нэрийн төлбөрт | J20: 0 | K20: 0 | L20: 191400 | M20: 0 | N20: =SUM(B20:M20) -> 191400 | R20: =SUM(N20:Q20) -> 191400 | S20: Бусад мөнгөн зарлага
A21: Мэргэжлийн үйлчилгээний төлбөрт | B21: 6000000 | D21: 1000000 | E21: 1000000 | F21: 500000 | H21: 0 | I21: 42500 | J21: 84500 | K21: 0 | L21: 0 | M21: 0 | N21: =SUM(B21:M21) -> 8627000 | O21: 1000000 | P21: 12850440 | R21: =SUM(N21:Q21) -> 22477440 | S21: Бусад мөнгөн зарлага
A22: Данс хооронд зарлага | O22: 100000 | P22: =+'[1]TDBM USD'!I17 -> 47109400 | R22: =SUM(N22:Q22) -> 47209400
A23: Банк шимтгэл | B23: 2000 | C23: 2000 | D23: 2000 | E23: 17000 | F23: 2000 | G23: 2000 | H23: 2000 | I23: 2000 | J23: 2000 | K23: 2000 | L23: 2000 | M23: 2000 | N23: =SUM(B23:M23) -> 39000 | O23: =+'[1]TDBM mnt'!N27 -> 13049.99 | P23: =+'[1]TDBM USD'!I21 -> 95292.3 | Q23: 2400 | R23: =+'[1]khan netgel 25.01-12'!$R$23 -> 198942.29 | S23: Бусад мөнгөн зарлага
A24: Бичиг хэрэг | B24: 14300 | F24: 151800 | H24: 0 | I24: 0 | J24: 0 | K24: 0 | L24: 0 | M24: 0 | N24: =SUM(B24:M24) -> 166100 | R24: =SUM(N24:Q24) -> 166100 | S24: Бусад мөнгөн зарлага
A25: Шатахуун | D25: 30000 | H25: 0 | I25: 0 | J25: 0 | K25: 0 | L25: 0 | M25: 0 | N25: =SUM(B25:M25) -> 30000 | R25: =SUM(N25:Q25) -> 30000 | S25: Түлш, шатахуун, тээврийн хөлс, сэлбэг хэрэгсэлд төлсөн
A26: Зээл төлөв. Лий-д | B26: 49000000 | E26: 10000000 | F26: 11200000 | G26: 20000000 | H26: 13000000 | I26: 21200000 | J26: 28000000 | K26: 12500000 | L26: 11000000 | M26: 17950000 | N26: =SUM(B26:M26) -> 193850000 | O26: =+'[1]TDBM mnt'!N13 -> 7300000 | Q26: =+[1]Golomt!H10 -> 8160000 | R26: =SUM(N26:Q26) -> 209310000 | S26: Бусдад олгосон зээл болон урьдчилгаа
A27: Зээлдүүлэв. Акататур ХХК-д | B27: 6000000 | E27: 5000000 | H27: 0 | I27: 0 | J27: 0 | K27: 0 | L27: 0 | M27: 0 | N27: =SUM(B27:M27) -> 11000000 | O27: =+'[1]TDBM mnt'!N14 -> 5000000 | R27: =SUM(N27:Q27) -> 16000000 | S27: Бусдад олгосон зээл болон урьдчилгаа
A28: Зээлдүүлэв. Их Бараат ХХК-д | D28: 1000000 | H28: 0 | I28: 0 | J28: 0 | K28: 0 | L28: 0 | M28: 0 | N28: =SUM(B28:M28) -> 1000000 | O28: =+'[1]TDBM mnt'!N15 -> 10000000 | R28: =SUM(N28:Q28) -> 11000000 | S28: Бусдад олгосон зээл болон урьдчилгаа
A29: Зээлдүүлэв. Эм Ди Кэй Ай ХХК-д | D29: 7000000 | E29: 2500000 | H29: 0 | I29: 0 | J29: 0 | K29: 0 | L29: 0 | M29: 0 | N29: =SUM(B29:M29) -> 9500000 | R29: =SUM(N29:Q29) -> 9500000 | S29: Бусдад олгосон зээл болон урьдчилгаа
A30: Маркетингийн зардал | D30: 2500000 | G30: 5500000 | H30: 0 | I30: 0 | J30: 0 | K30: 2900000 | L30: 926640 | M30: 0 | N30: =SUM(B30:M30) -> 11826640 | O30: 300000 | R30: =SUM(N30:Q30) -> 12126640 | S30: Бусад мөнгөн зарлага
A31: Тээврийн зардал | D31: 275000 | E31: 770000 | H31: 0 | I31: 0 | J31: 3363450 | K31: 2242300 | L31: 0 | M31: 0 | N31: =SUM(B31:M31) -> 6650750 | R31: =SUM(N31:Q31) -> 6650750 | S31: Бусад мөнгөн зарлага
A32: Бусад төлбөр, хураамж | D32: 20000 | E32: 596300 | H32: 41000 | I32: 0 | J32: 0 | K32: 0 | L32: 0 | M32: 0 | N32: =SUM(B32:M32) -> 657300 | O32: 510000 | R32: =SUM(N32:Q32) -> 1167300 | S32: Бусад мөнгөн зарлага
A33: Гадаад шилжүүлэг | E33: 7409506 | H33: 0 | I33: 0 | J33: 0 | K33: 0 | L33: 0 | M33: 0 | N33: =SUM(B33:M33) -> 7409506 | R33: 7360306 | S33: Бусад мөнгөн зарлага
A34: Агуулахын ашиглалтын зардал | H34: 0 | I34: 0 | J34: 0 | K34: 0 | L34: 0 | M34: 221230 | N34: =SUM(B34:M34) -> 221230 | R34: =SUM(N34:Q34) -> 221230 | S34: Ашиглалтын зардалд төлсөн
A35: Эхний үлд | B35: =+'[2]01'!G8 -> 0 | N35: =+B35 -> 0 | O35: =+'[1]TDBM mnt'!N31 -> 65974.66 | P35: =+'[1]TDBM USD'!G6 -> 448155 | Q35: 76600 | R35: =SUM(N35:Q35) -> 590729.66
A36: Орлого | B36: =SUM(B4:B10) -> 68180000 | C36: =SUM(C4:C10) -> 0 | D36: =SUM(D4:D10) -> 13520000 | E36: =SUM(E4:E10) -> 39331500 | F36: =SUM(F4:F10) -> 7970000 | G36: =SUM(G4:G10) -> 31458000 | H36: =SUM(H4:H10) -> 16150000 | I36: =SUM(I4:I10) -> 21165000 | ... Q36: =SUM(Q4:Q10) -> 17208000 | R36: =SUM(N36:Q36) -> 4.2373678e+08
A37: Зарлага | B37: =SUM(B13:B29) -> 68122150 | C37: =SUM(C13:C29) -> 2000 | D37: =SUM(D13:D34) -> 13119475 | E37: =SUM(E12:E33) -> 34409489 | F37: =SUM(F12:F33) -> 12967595 | G37: =SUM(G12:G33) -> 26220344 | H37: =SUM(H11:H34) -> 15893344 | I37: =SUM(I11:I34) -> 21973345 | J37: =SUM(J11:J34) -> 38948294 | K37: =SUM(K11:K34) -> 20311412 | L37: =SUM(L11:L34) -> 14828984 | M37: =SUM(M11:M34) -> 21871574 | N37: =SUM(N11:N34) -> 2.8866801e+08 | O37: =SUM(O11:O34) -> 57342874 | ... Q37: =SUM(Q11:Q34) -> 8162400 | R37: =SUM(N37:Q37) -> 4.1422841e+08
A38: Эцсийн үлд | B38: =+B35+B36-B37 -> 57849.58 | C38: =+B38+C36-C37 -> 55849.58 | D38: =+C38+D36-D37 -> 456374.58 | E38: =+D38+E36-E37 -> 5378385.6 | F38: =+E38+F36-F37 -> 380790.51 | G38: =+F38+G36-G37 -> 5618446.4 | H38: =G38+H36-H37 -> 5875102.4 | I38: =+H38+I36-I37 -> 5066757.5 | J38: =+I38+J36-J37 -> 468463.51 | K38: =+J38+K36-K37 -> 247051.51 | L38: =+K38+L36-L37 -> 1068067.5 | M38: =+L38+M36-M37 -> 486493.51 | N38: =+N35+N36-N37 -> 486493.51 | O38: =+O35+O36-O37 -> 332501.16 | P38: =+P35+P36-P37 -> 157906.5 | Q38: =+Q35+Q36-Q37 -> 9122200 | R38: =SUM(N38:Q38) -> 10099101
B39: =+'[2]01'!G27 -> 57849.58 | C39: =+'[2]02'!G10 -> 55849.58 | D39: =+'[2]03'!G24 -> 456374.58 | E39: =+D38+39331500-34409489 -> 5378385.6 | F39: =+E39+F36-F37 -> 380790.51 | G39: =+'[1]Khan 1-6'!D90 -> 5618446.4 | H39: =+'[1]Khan07-09'!J19 -> 5875102.4 | I39: =+'[1]Khan07-09'!J29 -> 5066757.5 | J39: =+'[1]Khan07-09'!J42 -> 468463.51 | K39: =+'[1]khan10-12'!K17 -> 247051.51 | L39: =+'[1]khan10-12'!K27 -> 1068067.5 | M39: =+'[1]khan10-12'!K42 -> 486493.51 | O39: =+O38-'[1]TDBM mnt'!E35 -> 3.8999133e-09 | P39: =+P38-'[1]TDBM USD'!H23 -> 0 | Q39: =+Q38-[1]Golomt!F15 -> 0 | R39: =SUM(N39:Q39) -> 3.8999133e-09
B40: =+B38-B39 -> 0 | C40: =+C38-C39 -> 0 | D40: =+D38-D39 -> 0 | E40: =+E38-E39 -> 0 | F40: =+F38-F39 -> 0 | G40: =+G38-G39 -> 0 | H40: =+H38-H39 -> 0 | I40: =+I38-I39 -> 0 | ... M40: =+M38-M39 -> 7.4505806e-09

Sheet Guilgee balans
E1: =+D65-E65 -> -0.0029988289 | G1: =+F65-G65 -> 0 | I1: =+H65-I65 -> -0.0029945374
A2: Код | C2: Нэр | D2: Эхний үлдэгдэл | F2: Гүйлгээ 25.12.31 | H2: Эцсийн үлдэгдэл
D3: Дебет | E3: Кредит | F3: Дебет | G3: Кредит | H3: Дебет | I3: Кредит
A4: 100101 | B4: =+'[3]25.II ST-1'!$A$10 -> 1.1.1 | C4: Кассанд байгаа бэлэн мөнгө (төгрөг) | E4: 0 | F4: 466845000 | G4: 4.667282e+08 | H4: =+D4+F4-E4-G4 -> 116800.52 | J4: Мөнгө ба түүнтэй адилтгах хөрөнгө | K4: =+H4 -> 116800.52
A5: 110101 | B5: =+'[3]25.II ST-1'!$A$10 -> 1.1.1 | C5: Харилцах ХХБ (төгрөг) | D5: 65974.66 | E5: 0 | F5: 57609400 | G5: 57353924 | H5: =+D5+F5-E5-G5 -> 321451.16 | J5: Мөнгө ба түүнтэй адилтгах хөрөнгө | K5: =+H5 -> 321451.16 | L5: 321451.16
A6: 110201 | B6: =+'[3]25.II ST-1'!$A$10 -> 1.1.1 | C6: Харилцах - ХХБ (доллар) | D6: 444300.64 | E6: 0 | F6: 59767645 | G6: 60055132 | H6: =+D6+F6-E6-G6 -> 156813.14 | J6: Мөнгө ба түүнтэй адилтгах хөрөнгө | K6: =+H6 -> 156813.14 | L6: =44.09*3556.66 -> 156813.14
B7: =+'[3]25.II ST-1'!$A$10 -> 1.1.1 | C7: Харилцах - Хаан | F7: 289154500 | G7: 2.8866801e+08 | H7: =+D7+F7-E7-G7 -> 486493.51 | J7: Мөнгө ба түүнтэй адилтгах хөрөнгө | K7: =+H7 -> 486493.51 | L7: =+L6-H6 -> -0.0021000111
A8: 110104 | B8: =+'[3]25.II ST-1'!$A$10 -> 1.1.1 | C8: Харилцах-Капитрон /төгрөг/ | D8: 28000 | G8: 10000 | H8: =+D8+F8-E8-G8 -> 18000 | J8: Мөнгө ба түүнтэй адилтгах хөрөнгө | K8: =+H8 -> 18000
A9: 110105 | B9: =+'[3]25.II ST-1'!$A$10 -> 1.1.1 | C9: Харилцах-Капитрон /доллар/ | D9: 78494.74 | G9: 13989.35 | H9: =+D9+F9-E9-G9 -> 64505.39 | J9: Мөнгө ба түүнтэй адилтгах хөрөнгө | K9: =+H9 -> 64505.39
B10: =+'[3]25.II ST-1'!$A$10 -> 1.1.1 | C10: Харилцах-Голомт /төгрөг/ | F10: 17284000 | G10: 8162400 | H10: =+D10+F10-E10-G10 -> 9121600 | J10: Мөнгө ба түүнтэй адилтгах хөрөнгө | K10: =+H10 -> 9121600
A11: 121004 | B11: =+'[3]25.II ST-1'!$A$12 -> 1.1.3 | C11: НӨАТ-ын авлага | D11: 2611487.1 | E11: 0 | F11: 50137012 | G11: 26365636 | H11: =+D11+F11-E11-G11 -> 26382863 | J11: Татварын, НДШ-ийн авлага | K11: =SUM(H11:H12) -> 26382863 | L11: =H11+[4]Vat!M15 -> 0.002271235
A12: 121005 | B12: =+'[3]25.II ST-1'!$A$12 -> 1.1.3 | C12: ААНОАТ-ын авлага | D12: 1945497.6 | E12: 0 | G12: 1945497.6 | H12: =+D12+F12-E12-G12 -> 0
A13: 122003 | B13: =+'[3]25.II ST-1'!$A$13 -> 1.1.4 | C13: Холбоотой талаас авах авлага /МДК/ | D13: 283762420 | E13: 0 | F13: 19500000 | H13: =+D13+F13-E13-G13 -> 303262420 | J13: Бусад авлага | K13: =SUM(H13:H16) -> 359762420
A14: 122004 | B14: =+'[3]25.II ST-1'!$A$13 -> 1.1.4 | C14: Холбоотой талаас авах авлага /АКАТАТУР/ | D14: 28300000 | E14: 0 | F14: 16000000 | G14: 6000000 | H14: =+D14+F14-E14-G14 -> 38300000
A15: 312601 | B15: =+'[3]25.II ST-1'!$A$13 -> 1.1.4 | C15: Бусад богино хугацаат зээл /Их Бараат/ | D15: 15400000 | E15: 0 | F15: 1000000 | H15: =+D15+F15-E15-G15 -> 16400000
C16: Бусад авлага-Агуулахын барьцаа | F16: 1800000 | H16: =+D16+F16-E16-G16 -> 1800000
A17: 150101 | B17: =+'[3]25.II ST-1'!A15 -> 1.1.6 | C17: Бэлэн бүтээгдэхүүн, бараа | D17: 865854.38 | E17: 0 | F17: 4.6700065e+08 | G17: 2.0752372e+08 | H17: =D17+F17-E17-G17 -> 2.6034279e+08 | J17: БМ | K17: =+H17 -> 2.6034279e+08
A18: 150102 | C18: Борлуулалтын авлага | D18: 0 | E18: 0 | F18: 293550000 | G18: 293550000 | H18: =+D18+F18-E18-G18 -> 0
A19: 180201 | B19: =+'[3]25.II ST-1'!A16 -> 1.1.7 | C19: Урьдчилж гарсан зардал / MNT / | D19: 48117182 | E19: 0 | H19: =+D19+F19-E19-G19 -> 48117182 | J19: УГЗ | K19: =+H19 -> 48117182
A20: 200201 | B20: =+'[3]25.II ST-1'!A22 -> 1.2.1 | C20: Барилга байгууламж | D20: 99537000 | E20: 0 | H20: =+D20+F20-E20-G20 -> 99537000 | J20: ҮХөрөнгө | K20: =+H20 -> 99537000
A21: 201201 | C21: Хур/эл Барилга байгууламж | D21: 0 | E21: 0 | H21: =+D21+F21-E21-G21 -> 0 | I21: =+E21+G21-D21-F21 -> 0
A22: 210501 | B22: =+'[3]25.II ST-1'!A23 -> 1.2.2 | C22: Програм хангамж | D22: 76205.7 | E22: 0 | H22: =+D22+F22-E22-G22 -> 76205.7 | J22: Биет бус хөрөнгө | K22: =+H22+H23 -> 31125906
A23: 210801 | B23: =+'[3]25.II ST-1'!A23 -> 1.2.2 | C23: Бусад биет бус хөрөнгө | D23: 31049700 | E23: 0 | H23: =+D23+F23-E23-G23 -> 31049700
A24: 220101 | B24: =+'[3]25.II ST-1'!$A$25 -> 1.2.4 | C24: Урт хугацаат бусад хөрөнгө оруулалт-өмнөх | D24: 1139284100 | E24: 0 | H24: =+D24+F24-E24-G24 -> 1139284100 | J24: Урт хугацаат хөрөнгө оруулалт | K24: =+H24+H25 -> 3701734295
A25: 220201 | B25: =+'[3]25.II ST-1'!$A$25 -> 1.2.4 | C25: Урт хугацаат хөрөнгө оруулалт-АДМ | D25: 2562450195 | E25: 0 | H25: =+D25+F25-E25-G25 -> 2562450195
A26: 311001 | B26: =+'[3]25.II ST-1'!A39 -> 2.1.1.4 | C26: ЭМНДШ-ийн өглөг | D26: 0 | E26: 0 | F26: 4000000 | G26: 4582195.3 | I26: =E26+G26-D26-F26 -> 582195.31
A27: 311002 | B27: =+'[3]25.II ST-1'!A38 -> 2.1.1.3 | C27: ХХОАТ-ын өглөг ТТ11.1, 11.2 | D27: 0 | E27: 177210.02 | G27: 639093.27 | I27: =E27+G27-D27-F27 -> 816303.29 | J27: Татварын өр
B28: =+'[3]25.II ST-1'!A36 -> 2.1.1.1 | C28: Будааны БНТөглөг | F28: 4.4193113e+08 | G28: 4.4193113e+08 | I28: =E28+G28-D28-F28 -> 0
A29: 310102 | C29: Татан авалтын нэмэлт тооцоо | D29: 0 | E29: 0 | F29: 71975392 | G29: 71975392 | I29: =E29+G29-D29-F29 -> 0
A30: 313001 | B30: =+'[3]25.II ST-1'!A37 -> 2.1.1.2 | C30: Цалингийн өглөг | F30: 19898932 | G30: 19898932 | I30: =+E30+G30-D30-F30 -> 0.0019249953
A31: 313007 | B31: =+'[3]25.II ST-1'!A45 -> 2.1.1.10 | C31: Тооцоо- ЛИЙ захирал | D31: 0 | E31: 1.7133434e+08 | F31: 2.112555e+08 | G31: 482876000 | I31: =+E31+G31-D31-F31 -> 4.4295484e+08 | J31: Бусад богино хугацаат өр төлбөр
C32: Дансны өглөг KRW iljgen chih | H32: =+D32+F32-E32-G32 -> 0 | I32: =+E32+G32-D32-F32 -> 0
A33: 320101 | B33: =+'[3]25.II ST-1'!A43 -> 2.1.1.8 | C33: Урьдчилж орсон орлого | D33: 0 | E33: 0 | G33: 67334384 | I33: =+E33+G33-D33-F33 -> 67334384
A34: 330801 | B34: =+'[3]25.II ST-1'!A53 -> 2.1.2.4 | C34: Бусад урт хугацаат өглөг | D34: 0 | E34: 2.8472359e+09 | I34: =+E34+G34-D34-F34 -> 2.8472359e+09 | J34: Бусад урт хугацаат өр төлбөр
A35: 410201 | B35: =+'[3]25.II ST-1'!A59 -> 2.3.2 | C35: Хувийн өмч | D35: 0 | E35: 1373575194 | I35: =+E35+G35-D35-F35 -> 1373575194 | J35: б) хувийн
A36: 420301 | B36: =+'[3]25.II ST-1'!A61 -> 2.3.4 | C36: Халаасны хувьцаа | D36: 0 | E36: 3269700 | I36: =+E36+G36-D36-F36 -> 3269700 | J36: Халаасны хувьцаа
A37: 430701 | B37: =+'[3]25.II ST-1'!A65 -> 2.3.8 | C37: Эзэмшигчийн өмчийн бусад хэсэг | D37: 0 | E37: 1029200 | I37: =+E37+G37-D37-F37 -> 1029200 | J37: Эздийн өмчийн бусад хэсэг
A38: 440201 | B38: =+'[3]25.II ST-1'!A66 -> 2.3.9 | C38: Өмнөх үеийн хуримтлагдсан ашиг | D38: 0 | E38: =+'[3]25.II ST-1'!C66 -> -1.8260512e+08 | G38: =G39-F39 -> -16904471 | I38: =+E38+G38-D38-F38 -> -1.9950959e+08
F39: =SUM(F40:F64) -> 2.8056083e+08 | G39: =SUM(G40:G42) -> 2.6365636e+08
A40: 510101 | C40: Бүтээгдэхүүн борлуулсан борлуулалт | G40: =+[4]Vat!D16 -> 2.6365636e+08 | K40: =+G40*0.65 -> 1.7137664e+08
A41: 510201 | C41: Бор хөнгөлөлт
A42: 511018 | C42: Дансны үлдэгдэлд тооцсон банкны хүүгийн орлого
A43: 610201 | C43: Үзүүлсэн ажил үйлчилгээний өртөг
A44: 610301 | C44: Борлуулсан бүт-ний өртөг | F44: 2.0738052e+08
A45: 700101 | C45: Цалин, хөдөлмөрийн хөлс, нэмэгдэл хөлс | F45: 22780288
A46: 700103 | C46: ЭМНДШ-ийн зардал | F46: 2339932.5
A47: 700113 | C47: Бусад төлбөр хураамж
A48: 701001 | C48: Шуудан холбоо, интернет | F48: 357500
A49: 701004 | C49: Түрээсийн зардал
A50: 701005 | C50: Агуулахын түрээсийн зардал | F50: 7200000
C51: Агуулах ашиглалт | F51: 221230
A52: 701006 | C52: Бичиг хэргийн зардал
A53: 701014 | C53: Элэгдлийн зардал
C54: Бусад татвар хураамж
A55: 702002 | C55: Хангамжийн материалын зардал
A56: 702004 | C56: Шатах тослох материалын зардал | F56: 30000
A57: 703005 | C57: Бусдаар гүйцэтгүүлсэн ажил үйлчилгээний хөлс | F57: 24691514
A58: 703012 | C58: Банкны шимтгэл | F58: 222931.64
A59: 710103 | C59: Зар сурталчилгааны зардал | F59: 14657549
A60: 730101 | C60: Бусад зардал | F60: 679365.52
A61: 840901 | C61: Гадаад валютын ханшийн зөрүүний бодит бус олз
A62: 870901 | C62: Гадаад валютын ханшийн зөрүүний бодит бус гарз
A63: 871801 | C63: Үйл ажиллагааны бус бусад зардал
A64: 910101 | C64: Орлогын татварын зардал
C65: НИЙТ ДҮН: | D65: =SUM(D4:D64) -> 4.2140164e+09 | E65: =SUM(E4:E64) -> 4.2140164e+09 | F65: =SUM(F4:F38) -> 2.4887092e+09 | G65: =SUM(G4:G38) -> 2.4887092e+09 | H65: =SUM(H4:H38) -> 4.5372881e+09 | I65: =SUM(I4:I38) -> 4.5372881e+09
D66: =+D65-E65 -> -0.0029988289

Sheet Nuur
S2: Сангийн сайдын 2012 оны
S3: 77 дугаар тушаалын
S4: 3 дугаар хавсралт
B6: Регистрийн дугаар : | H6: 2 | I6: 0 | J6: 4 | K6: 9 | L6: 9 | M6: 2 | N6: 9
B8: Хаяг :
B10: Шуудангийн хаяг :
B12: Утас : | P12: Факс :
B14: Өмчийн хэлбэр : | H14: Төрийн.......хувь | P14: Хувийн 100 хувь
H23: "ЖИДАКС" ХК-ИЙН
H24: 2025 ОНЫ 4-Р УЛИРЛЫН
H25: САНХҮҮГИЙН ТАЙЛАН
E36: Хянаж хүлээн авсан байгууллагын нэр | P36: Сар, өдөр | Q36: Гарын үсэг
P61: "ЖИДАКС" ХК-НИЙ
P62: 2025 оны 4-р улирлын санхүүгийн тайлангийн
P63: бодит байдлын тухай мэдэгдэл
P66: 2025 оны 12 сарын 31 өдөр
D68: Захирал Lee овогтой Jeoung Ho , ерөнхий нягтлан бодогч Эрдэнэбаатар овогтой Баяргэрэл бид манай аж ахуйн нэгжийн 2025 оны 12 сарын 31-ний өдрөөр тасалбар болгон гаргасан санхүүгийн тайланд тайлант хугацааны үйл ажиллагааны үр дүн, санхүүгийн байдлыг “Нягтлан бодох бүртгэлийн тухай” хуулийн 17.1 дэх заалтын дагуу үнэн зөв, бүрэн тусгасан болохыг баталж байна.
D70: Үүнд:
C71: 1 | D71: Бүх ажил гүйлгээ бодитоор гарсан бөгөөд холбогдох анхан шатны баримтыг үндэслэн
D72: нягтлан бодох бүртгэл, санхүүгийн тайланд үнэн зөв тусгасан
C74: 2 | D74: Санхүүгийн тайланд тусгагдсан бүх тооцоолол үнэн зөв хийгдсэн
C76: 3 | D76: Аж ахуйн нэгжийн үйл ажиллагааны эдийн засаг, санхүүгийн бүхий л үйл явцыг
D77: иж бүрэн хамарсан
C79: 4 | D79: Тайлант үеийн үр дүнд өмнөх оны ажил гүйлгээнээс шилжин тусгагдаагүй, мөн
D80: тайлант оны ажил гүйлгээнээс орхигдсон зүйл байхгүй
C82: 5 | D82: Бүх хөрөнгө, авлага, өр төлбөр, орлого, зардлыг холбогдох Санхүүгийн тайлагналын
D83: олон улсын стандартын дагуу үнэн зөв тусгасан
C85: 6 | D85: Энэ тайланд тусгагдсан бүхий л зүйл манай байгууллагын албан ёсны өмчлөлд байдаг
D86: бөгөөд орхигдсон зүйл үгүй болно.
D89: Захирал_____________________________________ | Q89: / Lee Jeoung Ho /
D91: Ерөнхий нягтлан бодогч ____________________________ | R91: / Э.Баяргэрэл /

Sheet ST1
B2: САНХҮҮ БАЙДЛЫН ТАЙЛАН
A3: "ЖИДАКС" ХК | D3: 2025 оны 12 сарын 31 өдөр
D5: (төгрөгөөр)
A6: Мөрийн дугаар | B6: Үзүүлэлт | C6: Үлдэгдэл
C7: Өмнөх оны | D7: Тайлант оны
A8: 1 | B8: ХӨРӨНГӨ
A9: 1.1 | B9: Эргэлтийн хөрөнгө
A10: 1.1.1 | B10: Мөнгө ба түүнтэй адилтгах хөрөнгө | C10: 616770.04 | D10: 10285664
A11: 1.1.2 | B11: Дансны авлага
A12: 1.1.3 | B12: Татварын, НДШ-ийн авлага | C12: 4556984.7 | D12: 26382863
A13: 1.1.4 | B13: Бусад авлага | C13: 327462420 | D13: 357962420
A14: 1.1.5 | B14: Бусад санхүүгийн хөрөнгө
A15: 1.1.6 | B15: Бараа материал | C15: 865854.38 | D15: 2.6034279e+08
A16: 1.1.7 | B16: Урьдчилж төлсөн зардал/тооцоо | C16: 48117182 | D16: 49917182
A17: 1.1.8 | B17: Бусад эргэлтийн хөрөнгө
A18: 1.1.9 | B18: Борлуулах зорилгоор эзэмшиж буй эргэлтийн бус хөрөнгө ( борлуулах бүлэг хөрөнгө) | D18: 0
A19: 1.1.10 | B19: Богино хугацаат хөрөнгө оруулалт | D19: 0
A20: 1.1.11 | B20: Эргэлтийн хөрөнгийн дүн | C20: =SUM(C8:C19) -> 3.8161921e+08 | D20: =SUM(D8:D19) -> 7.0489091e+08
A21: 1.2 | B21: Эргэлтийн бус хөрөнгө | D21: 0
A22: 1.2.1 | B22: Үндсэн хөрөнгө | C22: 99537000 | D22: 99537000
A23: 1.2.2 | B23: Биет бус хөрөнгө | C23: 31125906 | D23: 31125906
A24: 1.2.3 | B24: Биологийн хөрөнгө | D24: 0
A25: 1.2.4 | B25: Урт хугацаат хөрөнгө оруулалт | C25: 3701734295 | D25: 3701734295
A26: 1.2.5 | B26: Хайгуул ба үнэлгээний хөрөнгө | D26: 0
A27: 1.2.6 | B27: Хойшлогдсон татварын хөрөнгө | D27: 0
A28: 1.2.7 | B28: Хөрөнгө оруулалтын зориулалттай үл хөдлөх хөрөнгө | D28: 0
A29: 1.2.8 | B29: Бусад эргэлтийн бус хөрөнгө | D29: 0
A30: 1.2.9 | B30: Хуримтлагдсан элэгдэл | D30: 0
A31: 1.2.10 | B31: Эргэлтийн бус хөрөнгийн дүн | C31: =SUM(C22:C30) -> 3.8323972e+09 | D31: =SUM(D22:D30) -> 3.8323972e+09
A32: 1.3 | B32: НИЙТ ХӨРӨНГИЙН ДҮН | C32: =C20+C31 -> 4.2140164e+09 | D32: =D20+D31 -> 4.5372881e+09 | E32: =+D32-'[4]Guilgee balans'!H65 -> 0
A33: 2 | B33: ӨР ТӨЛБӨР БА ЭЗДИЙН ӨМЧ
A34: 2.1 | B34: ӨР ТӨЛБӨР
A35: 2.1.1 | B35: Богино хугацаат өр төлбөр
A36: 2.1.1.1 | B36: Дансны өглөг | C36: 0 | D36: =+'[4]Guilgee balans'!I28 -> 0
A37: 2.1.1.2 | B37: Цалингийн өглөг | C37: 0
A38: 2.1.1.3 | B38: Татварын өр | C38: 177210.02 | D38: =+'[4]Guilgee balans'!I27 -> 816303.29
A39: 2.1.1.4 | B39: НДШ -ийн өглөг | C39: 0 | D39: =+'[4]Guilgee balans'!I26 -> 582195.31
A40: 2.1.1.5 | B40: Богино хугацаат зээл
A41: 2.1.1.6 | B41: Хүүний өглөг
A42: 2.1.1.7 | B42: Ногдол ашгийн өглөг
A43: 2.1.1.8 | B43: Урьдчилж орсон орлого | C43: 0 | D43: 67334384
A44: 2.1.1.9 | B44: Нөөц /өр төлбөр/
A45: 2.1.1.10 | B45: Бусад богино хугацаат өр төлбөр | C45: 1.7133434e+08 | D45: 4.4295484e+08
A46: 2.1.1.11 | B46: Борлуулах зорилгоор эзэмшиж буй эргэлтийн бус хөрөнгө ( борлуулах бүлэг хөрөнгө)-нд хамаарах өр төлбөр
A47: 2.1.1.12 | D47: 0
A48: 2.1.1.20 | B48: Богино хугацаат өр төлбөрийн дүн | C48: =SUM(C35:C46) -> 1.7151155e+08 | D48: =SUM(D35:D46) -> 5.1168773e+08
A49: 2.1.2 | B49: Урт хугацаат өр төлбөр | D49: 0
A50: 2.1.2.1 | B50: Урт хугацаат зээл | D50: 0
A51: 2.1.2.2 | B51: Нөөц /өр төлбөр/ | D51: 0
A52: 2.1.2.3 | B52: Хойшлогдсон татварын өр
A53: 2.1.2.4 | B53: Бусад урт хугацаат өр төлбөр | C53: 2.8472359e+09 | D53: 2.8472359e+09
A54: 2.1.2.5 | D54: 0
A55: 2.1.2.6 | B55: Урт хугацаат өр төлбөрийн дүн | C55: =SUM(C50:C54) -> 2.8472359e+09 | D55: =SUM(D50:D54) -> 2.8472359e+09
A56: 2.2.20 | B56: Өр төлбөрийн нийт дүн | C56: =+C55+C48 -> 3.0187474e+09 | D56: =+D55+D48 -> 3.3589236e+09
A57: 2.3 | B57: Эзэмшигчдийн өмч | D57: 0
A58: 2.3.1 | B58: Өмч: а) төрийн | D58: 0
A59: 2.3.2 | B59: б) хувийн | C59: 1373575194 | D59: 1373575194
A60: 2.3.3 | B60: в) хувьцаат
A61: 2.3.4 | B61: Халаасны хувьцаа | C61: 3269700 | D61: 3269700
A62: 2.3.5 | B62: Нэмж төлөгдсөн капитал
A63: 2.3.6 | B63: Хөрөнгийн дахин үнэлгээний нэмэгдэл
A64: 2.3.7 | B64: Гадаад вальтын хөрвүүлэлтийн нөөц
A65: 2.3.8 | B65: Эздийн өмчийн бусад хэсэг | C65: 1029200 | D65: 1029200
A66: 2.3.9 | B66: Хуримтлагдсан ашиг (алдагдал) | C66: -1.8260512e+08 | D66: -1.9950959e+08
A67: 2.3.10
A68: 2.3.11 | B68: Эзэмшигчдийн өмчийн дүн | C68: =SUM(C58:C67) -> 1.195269e+09 | D68: =SUM(D58:D67) -> 1.1783645e+09
A69: 2.4 | B69: Өр төлбөр болон эзэмшигчийн өмчийн дүн | C69: =+C56+C68 -> 4.2140164e+09 | D69: =+D56+D68 -> 4.5372881e+09
C70: =+C32-C69 -> -0.0029988289 | D70: -0.0024442673
C71: =+C69-C32 -> 0.0029988289 | D71: =+D69-D32 -> 0.0010709763
B74: Захирал__________________________________ | C74: / Lee Jeoung Ho /
B76: Ерөнхий нягтлан бодогч ____________________________ | C76: / Э.Баяргэрэл /

Sheet ST2
B2: ОРЛОГЫН ТАЙЛАН
A4: =+'[5]25.II ST-1'!A3 -> "ЖИДАКС" ХК | D4: 2025 оны 12 сарын 31 өдөр
A7: Мөрийн дугаар | B7: Үзүүлэлт | C7: Өмнөх оны дүн | D7: Тайлант жилийн дүн
A9: 1 | B9: Борлуулалтын орлого /цэвэр/ | C9: 1.2748457e+08 | D9: 2.6365636e+08
A10: 2 | B10: Борлуулалтын өртөг | C10: 48257377 | D10: 2.0738052e+08
A11: 3 | B11: Нийт ашиг /алдагдал/ | C11: 79227189 | D11: =+D9-D10 -> 56275840
A12: 4 | B12: Түрээсийн орлого
A13: 5 | B13: Хүүний орлого | C13: 912.76
A14: 6 | B14: Ноогдол ашгийн орлого
A15: 7 | B15: Эрхийн шимтгэлийн орлого
A16: 8 | B16: Бусад орлого
A17: 9 | B17: Борлуулалт маркетингийн зардал
A18: 10 | B18: Ерөнхий ба удирдлагын зардал | C18: 67821346 | D18: 72500946
A19: 11 | B19: Санхүүгийн зардал
A20: 12 | B20: Бусад зардал | C20: 365470 | D20: 679365.52
A21: 13 | B21: Гадаад вальютын ханшийн зөрүүний олз/гарз/ | C21: -130727.82
A22: 14 | B22: Үндсэн хөрөнгө данснаас хассаны олз /гарз/
A23: 15 | B23: Биет бус хөрөнгө данснаас хассаны олз /гарз/
A24: 16 | B24: Хөрөнгө оруулалт борлуулснаас үүссэн олз /гарз/
A25: 17 | B25: Бусад ашиг /алдагдал/
A26: 18 | B26: Татвар төлөхийн өмнөх ашиг /алдагдал/ | C26: 10910558 | D26: =D11+SUM(D12:D16)-SUM(D17:D20)+SUM(D21:D25) -> -16904471
A27: 19 | B27: Орлогын албан татварын зардал | C27: 91.28
A28: 20 | B28: Татварын дараах ашиг /алдагдал/ | C28: 10910467 | D28: =D26-D27 -> -16904471
A29: 21 | B29: Зогсоосон үйл ажиллагааны татварын дараах ашиг /алдагдал/
A30: 22 | B30: Тайлант үеийн цэвэр ашиг ( алдагдал) | C30: 10910467 | D30: =D28+D29 -> -16904471
A31: 23 | B31: Бусад дэлгэрэнгүй орлого | C31: 0 | D31: =SUM(D32:D34) -> 0
B32: Хөрөнгийн дахин үнэлгээний нэмэгдлийн зөрүү
B33: Гадаад валютын хөрвүүлэлтийн зөрүү
B34: Бусад олз /гарз/
A35: 24 | B35: Орлогын нийт дүн | C35: 10910467 | D35: =D30+D31 -> -16904471
A36: 25 | B36: Нэгж хувьцаанд ногдох суурь ашиг /алдагдал/
B40: Захирал__________________________________ | D40: / Lee Jeoung Ho /
B42: Ерөнхий нягтлан бодогч ____________________________ | D42: / Э.Баяргэрэл /

Sheet ST3
A1: "ЖИДАКС" ХК
A3: ӨМЧИЙН ӨӨРЧЛӨЛТИЙН ТАЙЛАН
K4: 2025 оны 12 сарын 31 өдөр
K6: (төгрөгөөр)
A7: Мөрийн дугаар | B7: ҮЗҮҮЛЭЛТ | D7: Хувьцаат капитал | E7: Халаасны хувьцаа | F7: НТК | G7: Дахин үнэлгээний зөрүү | H7: Гадаад валютын хөрвүүлэлтийн нөөц | I7: Эздийн өмчийн бусад хэсэг | J7: Хуримтлагдсан ашиг | K7: Нийт дүн
A8: 1 | B8: 2023 оны 12 сарын 31 үлдэгдэл | C8: Balance as at 31 December 2016 | D8: 1373575194 | E8: 3269700 | F8: 0 | G8: 0 | H8: 0 | I8: 1029200 | J8: -1.9351558e+08 | K8: =+D8+E8+I8+J8 -> 1.1843585e+09
A9: =A8+1 -> 2 | B9: Бүртгэлийн бодлогын өөрчлөлт | C9: Changes in accounting policy | K9: =+J9 -> 0
A10: =A9+1 -> 3 | B10: Залруулсан үлдэгдэл | C10: Adjusted balance | K10: =+J10 -> 0
A11: =A10+1 -> 4 | B11: Тайлант үеийн цэвэр ашиг (алдагдал) | C11: Net profit for the period | J11: 10910467 | K11: =+J11 -> 10910467
A12: =A11+1 -> 5 | B12: Бусад дэлгэрэнгүй орлого | C12: Other comprehensive income | K12: =+J12 -> 0
A13: =A12+1 -> 6 | B13: Өмчид гарсан өөрчлөлт | C13: Changes in equity | F13: 0 | K13: =+J13 -> 0
A14: =A13+1 -> 7 | B14: Зарласан ногдол ашиг | C14: Dividends | K14: =+J14 -> 0
A15: =A14+1 -> 8 | B15: Дахин үнэлгээний нэмэгдлийн хэгэгжсэн дүн | C15: Changes in Fixed Assets Revaluation Surplus | K15: =+J15 -> 0
A16: =A15+1 -> 9 | B16: 2024 оны 12 сарын 31 үлд | C16: Balance as at 31 December 2017 | D16: =SUM(D8:D15) -> 1373575194 | E16: =SUM(E8:E15) -> 3269700 | F16: =SUM(F8:F15) -> 0 | G16: =SUM(G8:G15) -> 0 | H16: =SUM(H8:H15) -> 0 | I16: =SUM(I8:I15) -> 1029200 | J16: =SUM(J8:J15) -> -1.8260512e+08 | K16: =SUM(K8:K15) -> 1.195269e+09
A17: =A16+1 -> 10 | B17: Бүртгэлийн бодлогын өөрчлөлт | C17: Changes in accounting policy | K17: =SUM(D17:J17) -> 0
A18: =A17+1 -> 11 | B18: Залруулсан үлдэгдэл | C18: Adjusted balance | K18: =SUM(D18:J18) -> 0
A19: =A18+1 -> 12 | B19: Тайлант үеийн цэвэр ашиг | C19: Net profit for the period | J19: -16904471 | K19: =SUM(D19:J19) -> -16904471
A20: =A19+1 -> 13 | B20: Бусад дэлгэрэнгүй орлого | C20: Other comprehensive income | K20: =SUM(D20:J20) -> 0
A21: =A20+1 -> 14 | B21: Өмчид гарсан өөрчлөлт | C21: Changes in equity | F21: ='[6]Balance Sheet'!E64 -> 0 | K21: =SUM(D21:J21) -> 0
A22: =A21+1 -> 15 | B22: Зарласан ногдол ашиг | C22: Dividends | K22: =SUM(D22:J22) -> 0
A23: =A22+1 -> 16 | B23: Дахин үнэлгээний нэмэгдлийн хэгэгжсэн дүн | C23: Changes in Fixed Assets Revaluation Surplus | K23: =SUM(D23:J23) -> 0
A24: =A23+1 -> 17 | B24: 2025 оны 12 сарын 31 үлдэгдэл | C24: Balance as at 31 Dec 2018 | D24: =SUM(D16:D23) -> 1373575194 | E24: =SUM(E16:E23) -> 3269700 | F24: =SUM(F16:F23) -> 0 | G24: =SUM(G16:G23) -> 0 | H24: =SUM(H16:H23) -> 0 | I24: =SUM(I16:I23) -> 1029200 | J24: =SUM(J16:J23) -> -1.9950959e+08 | K24: =+D24+E24+I24+J24 -> 1.1783645e+09
K25: =+K24-[4]ST1!D68 -> -0.0029990673
D27: Захирал__________________________________ | G27: / Lee Jeoung Ho /
D29: Ерөнхий нягтлан бодогч ____________________________ | G29: / Э.Баяргэрэл /

Sheet ST4
A2: МӨНГӨН ГҮЙЛГЭЭНИЙ ТАЙЛАН
A3: "ЖИДАКС" ХК | E3: 2025 оны 12 сарын 31 өдөр
A6: Мөрийн дугаар | B6: Үзүүлэлт | D6: 2024.12.31 | E6: 2025.12.31
A8: 1 | B8: Үндсэн үйл ажиллагааны мөнгөн гүйлгээ
A9: 1.1 | B9: Мөнгөн орлогын дүн (+) | D9: 99146065 | E9: =SUM(E10:E15) -> 3.4529688e+08
B10: 1 | C10: Бараа борлуулсан, үйлчилгээ үзүүлсний орлого | D10: 99146065 | E10: 285532000
B11: 2 | C11: Эрхийн шимтгэл, хураамж, төлбөрийн орлого
B12: 3 | C12: Даатгалын нөхвөрөөс хүлээн авсан мөнгө
B13: 4 | C13: Буцаан авсан албан татвар
B14: 5 | C14: Татаас, санхүүжилтийн орлого
B15: 6 | C15: Бусад мөнгөн орлого | E15: 59764884
A16: 1.2 | B16: Мөнгөн зарлагын дүн (-) | D16: 1.1217858e+08 | E16: =SUM(E17:E25) -> 5.6828688e+08
B17: 7 | C17: Ажиллагчдад олгосон мөнгө | D17: 35616396 | E17: 19898932
B18: 8 | C18: Нийгмийн даатгалын байгууллагад төлсөн мөнгө | D18: 10570164 | E18: 4000000
B19: 9 | C19: Түүхий эд материал худалдан авахад төлсөн мөнгө | D19: 49123231 | E19: 5.0061321e+08
B20: 10 | C20: Ашиглалтын зардалд төлсөн мөнгө | D20: 3902227
B21: 11 | C21: Түлш шатахуун тээврийн хөлс, сэлбэг хэрэгсэлд төлсөн мөнгө | D21: 1253341 | E21: 196100
B22: 12 | C22: Төлсөн хүү
B23: 13 | C23: Татварын байгууллагад төлсөн | D23: 3518374.9
B24: 14 | C24: Даатгалын төлбөрт төлсөн мөнгө
B25: 15 | C25: Бусад | D25: 8194848.5 | E25: 43578637
B26: Үндсэн үйл ажиллагааны цэвэр мөнгөн гүйлгээний дүн | D26: -13032517 | E26: =+E9-E16 -> -2.2299e+08
A27: 2 | C27: Хөрөнгө оруулалтын үйл ажиллагааны мөнгөн гүйлгээ
B28: Хөрөнгө оруулалтын үйл ажиллагааны мөнгөн гүйлгээ
A29: 2.1 | B29: Мөнгөн орлогын дүн (+) | D29: 17738198 | E29: =SUM(E30:E36) -> 0
B30: 16 | C30: Үндсэн хөрөнгө борлуулсны орлого
B31: 17 | C31: Биет бус хөрөнгө борлуулсны орлого
B32: 18 | C32: Худалдсан хөрөнгө оруулалтын орлого
B33: 19 | C33: Бусад урт хугацаат хөрөнгө худалдсан орлого | D33: 3337285
B34: 20 | C34: Бусдад олгосон зээл, мөнгөн урьдчилгааны буцаан төлөлт | D34: 14400000
B35: 21 | C35: Хүлээн авсан хүүний орлого | D35: 912.76
B36: 22 | C36: Хүлээн авсан ноогдол ашиг
A37: 2.2 | B37: Мөнгөн зарлагын дүн (-) | D37: 43625000 | E37: =SUM(E38:E42) -> 0
B38: 23 | C38: Үндсэн хөрөнгө олж эзэмшихэд төлсөн
B39: 24 | C39: Биет бус хөрөнгө олж эзэмшихэд төлсөн
B40: 25 | C40: Хөрөнгө оруулалт олж эзэмшихэд төлсөн
B41: 26 | C41: Бусад урт хугацаат хөрөнгө олж эзэмшихэд төлсөн
B42: 27 | C42: Бусдад олгосон зээл болон урьдчилгаа | D42: 43625000
A43: 2.3 | B43: Хөрөнгө оруулалтын үйл ажиллагааны цэвэр мөнгөн гүйлгээний дүн | D43: -25886802 | E43: =+E29-E37 -> 0
A44: 3 | B44: Санхүүгийн үйл ажиллагааны мөнгөн гүйлгээ
A45: 3.1 | B45: Мөнгөн орлогын дүн (+) | D45: 41213578 | E45: =SUM(E46:E48) -> 468800000
B46: 28 | C46: Зээл авсан, өрийн үнэт цаас гаргаснаас хүлээн авсан | D46: 41213578 | E46: =kass!D5+Dans!R7+Dans!R9 -> 468800000
B47: 29 | C47: Хувьцаа болон өмчийн бусад үнэт цаас гаргасан хүлээн авсан
B48: 30 | C48: Төрөл бүрийн хандив
A49: 3.2 | B49: Мөнгөн зарлагын дүн (-) | D49: 4600000 | E49: =SUM(E50:E53) -> 245810000
B50: 31 | C50: Зээл, өрийн үнэт цаасны төлбөрт төлсөн мөнгө | D50: 4600000 | E50: =+Dans!R26+Dans!R27+Dans!R28+Dans!R29 -> 245810000
B51: 32 | C51: Санхүүгийн түрээсийн өглөгт төлсөн
B52: 33 | C52: Хувьцаа буцаан худалдаж авхад төлсөн
B53: 34 | C53: Төлсөн ногдол ашиг
A54: 3.3 | C54: Санхүүгийн үйл ажиллагааны цэвэр мөнгөн гүйлгээний дүн | D54: 36613578 | E54: =+E45-E49 -> 222990000
A55: 3.4 | B55: 35 | C55: Валютын ханшны зөрүү | D55: -130727.82
A56: 4 | B56: Бүх цэвэр мөнгөн гүйлгээ | D56: -2436469 | E56: =E26+E43+E54+E55 -> 0.001770556
A57: 5 | C57: Мөнгө, түүнтэй адилтгах хөрөнгийн эхний үлдэгдэл | D57: 3053239 | E57: =+'ST1'!C10 -> 616770.04
A58: 6 | C58: Мөнгө, түүнтэй адилтгах хөрөнгийн эцсийн үлдэгдэл | D58: 616770.04 | E58: =+'ST1'!D10 -> 10285664
E59: -3.7951395e-08
C61: Захирал__________________________________ | E61: / Lee Jeoung Ho /
C63: Ерөнхий нягтлан бодогч ____________________________ | E63: / Э.Баяргэрэл /

Sheet Tod
A1: Байгууллагын нэр: Жидакс
A2: Регистр: 2049929
B3: 1. Мөнгө түүнтэй адилтгах хөрөнгө
C4: Мөнгөн хөрөнгийн зүйлс | D4: Эхний үлдэгдэл | E4: Эцсийн үлдэгдэл
C5: 1. Касс дахь мөнгө | D5: 0 | E5: 116800.52
C6: 2. Банкин дахь мөнгө | D6: 616770.04 | E6: 10168863
C7: 3. Мөнгөтэй адилтгах хөрөнгө | D7: 0 | E7: 0
C8: 4. Нийт дүн | D8: 616770.04 | E8: 10285664
A11: Регистр: 2049929
B13: № | C13: Үзүүлэлт | D13: Дансны авлага | E13: Найдваргүй авлагын хасагдуулга | F13: Дансны авлага (цэвэр дүнгээр)
B14: 1 | C14: Эхний үлдэгдэл | D14: 0 | E14: 0 | F14: 0
B15: 2 | C15: Нэмэгдсэн | D15: 0 | E15: 0 | F15: 0
B16: 3 | C16: Хасагдсан | D16: 0 | E16: 0 | F16: 0
B17: 3.1 | C17: -Төлөгдсөн | D17: 0 | E17: 0 | F17: 0
B18: 3.2 | C18: -Найдваргүй болсон | D18: 0 | E18: 0 | F18: 0
B19: 4 | C19: Эцсийн үлдэгдэл | D19: 0 | E19: 0 | F19: 0
A21: Регистр: 2049929
B22: 4.1. Татварын авлага
B24: № | C24: Үзүүлэлт | D24: Эцсийн үлдэгдэл | E24: Эцсийн үлдэгдэл
B25: 1 | C25: ААНОАТ-ын авлага | D25: 1945497.6
B26: 2 | C26: НӨАТ-ын авлага | D26: 2611487.1 | E26: 26382863
B27: 3 | C27: НДШ-ийн авлага | D27: 0
B28: 4 | D28: 0
C29: Нийт дүн | D29: =SUM(D25:D28) -> 4556984.7 | E29: =SUM(E25:E28) -> 26382863
A31: Регистр: 2049929
B32: 4.1. Бусад богино хугацаат авлага
B34: № | C34: Үзүүлэлт | D34: Эцсийн үлдэгдэл | E34: Эцсийн үлдэгдэл
B35: 1 | C35: Холбоотой талаас авах авлагын тайлант хугацаанд хамаарах дүн | D35: 327462420 | E35: =+'ST1'!D13 -> 357962420
B36: 2 | C36: Ажиллагчдаас авах авлага | D36: 0
B37: 3 | C37: Ноогдол ашгийн авлага | D37: 0
B38: 4 | C38: Хүүний авлага | D38: 0
B39: 4 | C39: Богино хугацаат авлагын бичиг | D39: 0
B40: 4 | C40: Бусад талуудаас авах авлага | D40: 0
B41: 4 | D41: 0
B42: 4 | C42: Нийт дүн | D42: =SUM(D35:D41) -> 327462420 | E42: =SUM(E35:E41) -> 357962420
A44: Регистр: 2049929
B45: 5. Бусад санхүүгийн хөрөнгө
B46: № | C46: Үзүүлэлт | D46: Эцсийн үлдэгдэл | E46: Эцсийн үлдэгдэл
B47: 1 | D47: 0 | E47: 0
C48: Нийт дүн | D48: 0 | E48: 0
A50: Регистр: 2049929
B51: 6. Бараа материал
C53: Үзүүлэлт | D53: 1.1. Түүхий эд | E53: 1.2. Дуусаагүй үйлдвэрлэл | F53: 1.3. Бэлэн бүтээгдэхүүн | G53: 1.4. Бараа | H53: 1.5. Хангамжийн материал | I53: 1.6.Бусад | J53: 2. Нийт дүн
C54: 1. Эхний үлдэгдэл (өртгөөр) | D54: 0 | E54: 0 | F54: 0 | G54: 865854.38 | H54: 0 | I54: 0 | J54: 865854.38
C55: 2. Нэмэгдсэн дүн | D55: 0 | E55: 0 | F55: 0 | G55: 4.6700065e+08 | H55: 0 | I55: 0 | J55: 4.6700065e+08
C56: 3. Хасагдсан дүн | D56: 0 | E56: 0 | F56: 0 | G56: 2.0752372e+08 | H56: 0 | I56: 0 | J56: 2.0752372e+08
C57: 4. Эцсийн үлдэгдэл (өртгөөр) | D57: 0 | E57: 0 | F57: 0 | G57: 2.6034279e+08 | H57: 0 | I57: 0 | J57: 2.6034279e+08
C58: 5. Үнийн бууралтын гарз(-) | D58: 0 | E58: 0 | F58: 0 | G58: 0 | H58: 0 | I58: 0 | J58: 0
C59: 6. Үнийн бууралтын буцаалт | D59: 0 | E59: 0 | F59: 0 | G59: 0 | H59: 0 | I59: 0 | J59: 0
C60: 7. Дансны цэвэр дүн: | D60: 0 | E60: 0 | F60: 0 | G60: 2.6034279e+08 | H60: 0 | I60: 0 | J60: 2.6034279e+08
C61: 7.1 Эхний үлдэгдэл | D61: 0 | E61: 0 | F61: 0 | G61: 865854.38 | H61: 0 | I61: 0 | J61: 865854.38
C62: 7.2 Эцсийн үлдэгдэл | D62: 0 | E62: 0 | F62: 0 | G62: 2.6034279e+08 | H62: 0 | I62: 0 | J62: 2.6034279e+08
B63: Тэмдэглэл
A66: Регистр: 2049929
B67: 8. Урьдчилж төлсөн зардал/тооцоо
C69: Төрөл | D69: Эхний үлдэгдэл | E69: Эцсийн үлдэгдэл
C70: 1. Урьдчилж төлсөн зардал | D70: 48117182 | E70: 48117182
C71: 2. Урьдчилж төлсөн түрээс | D71: 0 | E71: 0
C72: 3. Бэлтгэн нийлүүлэгчдэд төлсөн урьдчилгаа төлбөр | D72: 0 | E72: 1800000
C73: 4 Бусад төрөл | D73: 0 | E73: 0
C74: Нийт дүн | D74: 48117182 | E74: 49917182
D75: 0
C77: Үзүүлэлт | D77: Газрын сайжруулалт | E77: Барилга байгууламж | F77: Машин, тоног төхөөрөмж | G77: Тээврийн хэрэгсэл | H77: Тавилга эд хогшил | I77: Компьютер, бусад хэрэгсэл | J77: Бусад үндсэн хөрөнгө | K77: Нийт дүн
C78: 1. ҮНДСЭН ХӨРӨНГӨ /ӨРТӨГ/ | D78: 0 | E78: 0 | F78: 0 | G78: 0 | H78: 0 | I78: 0 | J78: 0 | K78: 0
C79: 1.1 Эхний үлдэгдэл | D79: 0 | E79: 99537000 | F79: 0 | G79: 0 | H79: 0 | I79: 0 | J79: 0 | K79: 99537000
C80: 1.2 Нэмэгдсэн дүн | D80: 0 | E80: 0 | F80: 0 | G80: 0 | H80: 0 | I80: 0 | J80: 0 | K80: 0
C81: 1.2.1 Худалдаж авсан, өөрөө барьж байгуулсан | D81: 0 | E81: 0 | F81: 0 | G81: 0 | H81: 0 | I81: 0 | J81: 0 | K81: 0
C82: 1.2.2 Улсын төсвийн хөрөнгө оруулалтаар | D82: 0 | E82: 0 | F82: 0 | G82: 0 | H82: 0 | I82: 0 | J82: 0 | K82: 0
C83: 1.2.3 Орон нутгийн төсвийн хөрөнгө оруулалтаар | D83: 0 | E83: 0 | F83: 0 | G83: 0 | H83: 0 | I83: 0 | J83: 0 | K83: 0
C84: 1.2.4 Зээл, тусламж хандиваар | D84: 0 | E84: 0 | F84: 0 | G84: 0 | H84: 0 | I84: 0 | J84: 0 | K84: 0
C85: 1.2.5 Бусад | D85: 0 | E85: 0 | F85: 0 | G85: 0 | H85: 0 | I85: 0 | J85: 0 | K85: 0
C86: 1.2.6 Дахин үнэлгээний нэмэгдэл | D86: 0 | E86: 0 | F86: 0 | G86: 0 | H86: 0 | I86: 0 | J86: 0 | K86: 0
C87: 1.3 Хасагдсан дүн (-) | D87: 0 | E87: 0 | F87: 0 | G87: 0 | H87: 0 | I87: 0 | J87: 0 | K87: 0
C88: 1.3.1 Худалдсан | D88: 0 | E88: 0 | F88: 0 | G88: 0 | H88: 0 | I88: 0 | J88: 0 | K88: 0
C89: 1.3.2 Үнэгүй шилжүүлсэн | D89: 0 | E89: 0 | F89: 0 | G89: 0 | H89: 0 | I89: 0 | J89: 0 | K89: 0
... C108: 3.2 Эцсийн үлдэгдэл | D108: 0 | E108: 99537000 | F108: 0 | G108: 0 | H108: 0 | I108: 0 | J108: 0 | K108: 99537000
A110: Регистр: 2049929
C112: Үзүүлэлт | D112: Зохиогчийн эрх | E112: Компьютерийн программ хангамж | F112: Мэдээллийн сан | G112: Патент | H112: Барааны тэмдэг | I112: Тусгай зөвшөөрөл | J112: Газар эзэмших эрх | K112: Хөрөнгөөр хүлээн зөвшөөрсөн хөгжүүлэлтийн хөрөнгө ** | L112: Бусад биет бус хөрөнгө | M112: Нийт дүн
C113: 1. БИЕТ БУС ХӨРӨНГӨ /ӨРТӨГ/ | D113: 0 | E113: 0 | F113: 0 | G113: 0 | H113: 0 | I113: 0 | J113: 0 | K113: 0 | L113: 0 | M113: 0
C114: 1.1 Эхний үлдэгдэл | D114: 0 | E114: 159800 | F114: 0 | G114: 0 | H114: 0 | I114: 0 | J114: 0 | K114: 0 | L114: 31049700 | M114: 31209500
C115: 1.2 Нэмэгдсэн дүн | D115: 0 | E115: 0 | F115: 0 | G115: 0 | H115: 0 | I115: 0 | J115: 0 | K115: 0 | L115: 0 | M115: 0
C116: 1.2.1 Худалдаж авсан,дотооддоо бий болгосон | D116: 0 | E116: 0 | F116: 0 | G116: 0 | H116: 0 | I116: 0 | J116: 0 | K116: 0 | L116: 0 | M116: 0
C117: 1.2.2 Улсын төсвийн хөрөнгөөр | D117: 0 | E117: 0 | F117: 0 | G117: 0 | H117: 0 | I117: 0 | J117: 0 | K117: 0 | L117: 0 | M117: 0
C118: 1.2.3 Орон нутгийн төсвийн хөрөнгөөр | D118: 0 | E118: 0 | F118: 0 | G118: 0 | H118: 0 | I118: 0 | J118: 0 | K118: 0 | L118: 0 | M118: 0
C119: 1.2.4 Зээл, тусламж хандиваар | D119: 0 | E119: 0 | F119: 0 | G119: 0 | H119: 0 | I119: 0 | J119: 0 | K119: 0 | L119: 0 | M119: 0
C120: 1.2.5 Бусад | D120: 0 | E120: 0 | F120: 0 | G120: 0 | H120: 0 | I120: 0 | J120: 0 | K120: 0 | L120: 0 | M120: 0
C121: 1.2.6 Дахин үнэлгээний нэмэгдэл | D121: 0 | E121: 0 | F121: 0 | G121: 0 | H121: 0 | I121: 0 | J121: 0 | K121: 0 | L121: 0 | M121: 0
C122: 1.3 Хасагдсан дүн (-) | D122: 0 | E122: 0 | F122: 0 | G122: 0 | H122: 0 | I122: 0 | J122: 0 | K122: 0 | L122: 0 | M122: 0
C123: 1.3.1 Худалдсан | D123: 0 | E123: 0 | F123: 0 | G123: 0 | H123: 0 | I123: 0 | J123: 0 | K123: 0 | L123: 0 | M123: 0
C124: 1.3.2 Үнэгүй шилжүүлсэн | D124: 0 | E124: 0 | F124: 0 | G124: 0 | H124: 0 | I124: 0 | J124: 0 | K124: 0 | L124: 0 | M124: 0
... C141: 3.2 Эцсийн үлдэгдэл | D141: 0 | E141: 76205.7 | F141: 0 | G141: 0 | H141: 0 | I141: 0 | J141: 0 | K141: 0 | L141: 31049700 | M141: 31125906
A142: Регистр: 2049929
B143: 12. Биологийн хөрөнгө
B144: № | C144: Үзүүлэлт | D144: Нас | E144: Хүйс | F144: Тоо | G144: Дансны үнэ | H144: Тоо | I144: Дансны үнэ
B145: 1 | D145: 0 | F145: 0 | G145: 0 | H145: 0 | I145: 0
B146: 2 | C146: Нийт дүн | D146: 0 | F146: 0 | G146: 0 | H146: 0 | I146: 0
B147: Тэмдэглэл
A150: Регистр: 2049929
B151: 13. Урт хугацаат хөрөнгө оруулалт
B153: № | C153: Үзүүлэлт | D153: Хөрөнгө оруулалтын хувь | E153: Хөрөнгө оруулалтын дүн | F153: Хөрөнгө оруулалтын хувь | G153: Хөрөнгө оруулалтын дүн
...

Sheet Gaali-2025
P1: 127460860
A2: Бэлтгэн нийлүүлэгч байгууллагын нэр: | D2: I am farm Agricultural Co.,LTD - Цагаан будаа
H3: Гаалийн ханш | I3: 2.34 | P3: 45667
A4: № | B4: Материалын нэр | D4: Хэмжих нэгж | E4: Тоо хэмжээ | F4: Нийт кг | G4: Нэгж вон | H4: Дүн | J4: Гадаад /тээвэр/ | K4: Гааль / албан татвар / | L4: НӨАТ | M4: Мэдүүлгийн үнэ | N4: Дотоод тээвэр | O4: Бусад зардал | P4: Татан авалтын нийт зардал | Q4: Орлого авах өртөг
H5: /вон/ | I5: /төгрөг/ | Q5: Нэг уут будаа өртөг | R5: Нийт үнэ
A6: 1 | B6: 0224100725I00720 | C6: 20 | D6: кг | E6: 1000 | F6: =+E6*20 -> 20000 | G6: 45000 | H6: =G6*E6 -> 45000000 | I6: 105300000 | K6: 5265000 | L6: 11056500 | M6: 14000 | N6: 2185360 | O6: 3640000 | P6: =N6+M6+L6+K6+I6+O6 -> 127460860 | Q6: =R6/E6 -> 116404.36 | R6: =+I6+K6+M6+N6+O6 -> 116404360 | S6: =+R6/Q6 -> 1000
A7: 2 | B7: 0224100725I00720 | C7: 20 | D7: кг | E7: 1000 | F7: =+E7*20 -> 20000 | G7: 45000 | H7: =G7*E7 -> 45000000 | I7: 105300000 | K7: 5265000 | L7: 11056500 | P7: =N7+M7+L7+K7+I7+O7 -> 121621500 | Q7: =R7/E7 -> 110565 | R7: =+I7+K7+M7+N7+O7 -> 110565000
A8: Дүн | E8: 2000 | H8: 90000000 | I8: 210600000 | J8: 0 | K8: 10530000 | L8: 22113000 | M8: 14000 | N8: 2185360 | O8: 3640000 | P8: =SUM(P6:P7) -> 249082360 | Q8: =+R8/2000 -> 113484.68 | R8: =SUM(R6:R7) -> 226969360
H9: Гаалийн ханш | I9: 2.39 | P9: 45734
A10: № | B10: Материалын нэр | D10: Хэмжих нэгж | E10: Тоо хэмжээ | F10: 1 бүрийн /Кг / | G10: Нийт /кг/ | H10: Дүн | J10: Гадаад /тээвэр/ | K10: Гааль / албан татвар / | L10: НӨАТ | M10: Мэдүүлгийн үнэ | N10: Дотоод тээвэр | O10: Бусад зардал | P10: Татан авалтын нийт зардал | Q10: Орлого авах өртөг
H11: /вон/ | I11: /төгрөг/ | Q11: Нэгж үнэ | R11: Нийт үнэ
A12: 1 | B12: NSL431881 | C12: 10 | D12: кг | E12: 2000 | F12: =+E12*C12 -> 20000 | G12: 19000 | H12: =+G12*E12 -> 38000000 | I12: =H12*$I$9 -> 90820000 | K12: 4541000 | L12: =+(I12+J12)*0.1 -> 9082000 | M12: 14000 | O12: 1540000 | P12: 106451100 | Q12: =+R12/E12 -> 48457.5 | R12: 96915000 | S12: 4541000 | T12: 0
A13: 2 | B13: NSL431587 | C13: 5 | D13: кг | E13: 4000 | F13: =+E13*C13 -> 20000 | G13: 9500 | H13: =+G13*E13 -> 38000000 | I13: =H13*$I$9 -> 90820000 | K13: 4541000 | L13: =+(I13+J13)*0.1 -> 9082000 | M13: 2400 | N13: 1464520 | O13: 39000 | P13: 106403020 | Q13: =+R13/E13 -> 24216.73 | R13: 96866920 | S13: 4541000 | T13: 0
A14: Дүн | E14: 6000 | H14: 76000000 | I14: 181640000 | J14: 0 | K14: =SUM(K12:K13) -> 9082000 | L14: 19072200 | M14: 16400 | N14: 1464520 | O14: 1579000 | P14: =SUM(P12:P13) -> 212854120 | R14: =SUM(R12:R13) -> 193781920 | S14: 9082000 | T14: 0
A15: Бэлтгэн нийлүүлэгч байгууллагын нэр: | D15: I am farm Agricultural Co.,LTD - Цагаан будаа | H15: Гаалийн ханш | I15: 2.42 | P15: 45761
A16: № | B16: Материалын нэр | D16: Хэмжих нэгж | E16: Тоо хэмжээ | F16: 1 бүрийн /Кг / | G16: Нийт /кг/ | H16: Дүн | J16: Гадаад /тээвэр/ | K16: Гааль / албан татвар / | L16: НӨАТ | M16: Мэдүүлгийн үнэ | N16: Дотоод тээвэр | O16: Бусад | P16: Татан авалтын нийт зардал | Q16: =+R16/E16 -> #VALUE!
H17: /вон/ | I17: /төгрөг/ | Q17: =+R17/E17 -> #DIV/0!
A18: 1 | B18: ZHFU9930428/ YT273374 | C18: 1 кг | D18: кг | E18: 2400 | F18: =+E18*1 -> 2400 | G18: 1900 | H18: =G18*E18 -> 4560000 | I18: =+H18*I15 -> 11035200 | K18: =I18*0.05 -> 551760 | L18: =(K18+I18)*0.1 -> 1158696 | M18: 10600 | N18: 564225 | O18: 770000 | P18: =+O18+N18+M18+L18+K18+I18 -> 14090481 | Q18: =R18/E18 -> 5388.2437 | R18: =+I18+K18+M18+N18+O18 -> 12931785
A19: 2 | C19: 2 кг | D19: кг | E19: 1500 | F19: =+E19*2 -> 3000 | G19: 3800 | H19: =+G19*E19 -> 5700000 | I19: =+H19*I15 -> 13794000 | K19: =+I19*0.05 -> 689700 | L19: =(K19+I19)*0.1 -> 1448370 | P19: =+O19+N19+M19+L19+K19+I19 -> 15932070 | Q19: =R19/E19 -> 9655.8 | R19: =+I19+K19+M19+N19+O19 -> 14483700
A20: Дүн | E20: 3900 | H20: =SUM(H18:H19) -> 10260000 | I20: 24829200 | J20: 0 | K20: 1241460 | L20: =SUM(L18:L19) -> 2607066 | M20: 10600 | N20: 564225 | O20: 770000 | P20: =SUM(P18:P19) -> 30022551 | R20: =SUM(R18:R19) -> 27415485
F21: =1500*2 -> 3000 | I21: =13275910/2.42 -> 5485913.2
L22: ТӨЛӨХ ГААЛЬ: | M22: 3859126
L23: ТӨЛСӨН ГААЛЬ: | M23: 4629973.7
L24: ЗӨРҮҮ | M24: 770847.68
A27: Бэлтгэн нийлүүлэгч байгууллагын нэр: | C27: I am farm Agricultural Co.,LTD - Цагаан будаа
H29: Гаалийн ханш | I29: 3530.23 | P29: 45761
A30: № | B30: Материалын нэр | D30: Хэмжих нэгж | E30: Тоо хэмжээ | F30: 1 бүрийн /Кг / | G30: Нийт /кг/ | H30: Дүн | J30: Гадаад /тээвэр/ | K30: Гааль / албан татвар / | L30: НӨАТ | M30: Мэдүүлгийн үнэ | N30: Дотоод тээвэр | O30: Бусад | P30: Татан авалтын нийт зардал
H31: /вон/ | I31: /төгрөг/
A32: 1 | B32: Шошго | C32: 16 | D32: кг | E32: 16 | F32: 14.2 | G32: 227.2 | H32: =277668/3530.23 -> 78.654365 | I32: =+H32*3530.23 -> 277668 | K32: =I32*0.05 -> 13883.4 | L32: =(K32+I32)*0.1 -> 29155.14 | M32: 7000 | N32: 0 | O32: 0 | P32: 341589.68
A33: Дүн | E33: 16 | G33: 227.2 | H33: 0 | I33: 291551.17 | J33: 0 | K33: 13883.39 | L33: 29155.12 | M33: 7000 | N33: 0 | O33: 0 | P33: 341589.68
A34: Д/д | B34: Барааны нэрс | C34: Тоо | D34: Нэгж үнэ KRW | E34: Үнэ KRW | F34: Тээвэр KRW | G34: Нийт өртөг МНТ | H34: Хадгалалт | I34: Гааль | J34: НӨАТ | K34: Нэгж өртөг | L34: Нийт өртөг
A35: 1 | B35: Илжгэн чих 60гр | C35: 2016 | D35: 750 | E35: 1512000 | F35: 322255.5 | G35: 4732379.2 | H35: 121331.83 | I35: 378683.4 | J35: 795235.13 | K35: 2595.4337 | L35: =+G35+I35+H35 -> 5232394.4 | M35: =+L35/C35 -> 2595.4337 | N35: =E35+F35 -> 1834255.5 | O35: 2.58
A36: 2 | B36: Илжгэн чих 60гр | C36: 2880 | D36: 850 | E36: 2448000 | F36: 521746.99 | G36: 7661947.2 | H36: 196442.02 | I36: 637090.46 | J36: 1337890 | K36: 2949.8193 | L36: =+G36+I36+H36 -> 8495479.7 | M36: =+L36/C36 -> 2949.8193 | N36: =E36+F36 -> 2969747 | O36: =+G36/N36 -> 2.58
A37: 3 | B37: 6 тай тавиур | C37: 500 | D37: 50 | E37: 25000 | F37: 5328.2986 | G37: 78247.01 | H37: 2006.1481 | I37: 11520.78 | J37: 24193.63 | K37: 183.54788 | L37: =+G37+I37+H37 -> 91773.938 | M37: =+L37/C37 -> 183.54788 | N37: =E37+F37 -> 30328.299 | O37: =+G37/N37 -> 2.58
E38: =SUM(E35:E37) -> 3985000 | F38: 849330.79 | G38: =SUM(G35:G37) -> 12472573 | H38: =351758/1.1 -> 319780 | I38: =SUM(I35:I37) -> 1027294.6 | J38: =SUM(J35:J37) -> 2157318.7 | K38: =SUM(K35:K37) -> 5728.801 | L38: =SUM(L35:L37) -> 13819648 | M38: =SUM(M35:M37) -> 5728.801
F39: =E38*2.58 -> 10281300
A40: Д/д | B40: Барааны нэрс | C40: Тоо | D40: Нэгж үнэ USD | E40: Үнэ USD | F40: Тээвэр USD | G40: Нийт өртөг МНТ | I40: Гааль | J40: НӨАТ | K40: Нэгж өртөг | L40: Нийт өртөг
A41: 1 | B41: Гүзээлзгэнэ | C41: 800 | D41: 1 | E41: =+C41*D41 -> 800 | F41: 261.02932 | G41: =SUM(E41:F41)*3583.72 -> 3802432 | I41: =G41*0.05 -> 190121.6 | J41: =(I41+G41)*0.1 -> 399255.36 | K41: =+L41/C41 -> 4990.692 | L41: =+G41+I41 -> 3992553.6
F42: 849330.79 | H42: =351758/1.1 -> 319780 | J42: =SUM(J41:J41) -> 399255.36 | O42: Дт | P42: Кт
E43: =E42*2.58 -> 0 | J43: =(J42+L33+L20+L14+L8+J38)*10 -> 4.6377995e+08 | M43: БНТөглөг | P43: =I33+G41+G38+I20+I14+I8 -> 4.3363576e+08
J44: =J43-Vat!H16 -> -5293677.9 | M44: Бараа мат | O44: =+R8+R14+R20+P33+L38+L41 -> 4.6632056e+08
M45: НӨАТ | O45: =+L8+L14+L20+L33+J38+J41 -> 46377995
P46: =+K8+L8+M8+N8+O8+K14+L14+M14+N14+O14+O18+N18+M18+L18+L19+K19+K18+K32+L32+M32+I38+H38+J38+J41+I41 -> 79033640
O47: =SUM(O44:O46) -> 5.1269855e+08 | P47: =SUM(P43:P46) -> 5.126694e+08
P48: =+O47-P47 -> 29155.09

Sheet Gaali
G1: ЖИДАКС ХХК-н 2025 ОНЫ ГААЛЬ БҮРДҮҮЛЭЛТИЙН НЭГТГЭЛ ТАЙЛАН
A3: № | B3: Барааны нэр | C3: Огноо | D3: Хэмжээ ширхэг | E3: нэгж үнэ $ | F3: Тээвэр | G3: Дүн $ | H3: Ханш | I3: Дүн ₮ | J3: Гаалийн татвар | K3: НӨАТ-н дүн | L3: Бүрдүүлэлт | M3: Нэмэлт тээвэр | N3: Нийт өртөг | O3: Нэгж өртөг | P3: =SUM(I4:I8) -> 422096600
A4: 1 | B4: Цагаан будаа 20кг | C4: 2025.01.16 | D4: 2000 | E4: 45000 | G4: =E4*D4 -> 90000000 | H4: 2.34 | I4: =(G4)*H4 -> 210600000 | J4: =I4*5% -> 10530000 | K4: =(I4+J4)*0.1 -> 22113000 | L4: =24000+14000 -> 38000 | N4: =I4+J4+L4+M4 -> 221168000 | O4: =N4/D4 -> 110584 | P4: =+I4/$P$3*$N$9 -> 155694.28 | Q4: =+(P4+N4)/D4 -> 110661.85
A5: 2 | B5: Цагаан будаа 10кг | C5: 2025.03.18 | D5: 2000 | E5: 19000 | G5: =+E5*D5 -> 38000000 | H5: 2.39 | I5: =(G5)*H5 -> 90820000 | J5: =I5*5% -> 4541000 | K5: =(I5+J5)*0.1 -> 9536100 | L5: 38200 | N5: =I5+J5+L5+M5 -> 95399200 | O5: =N5/D5 -> 47699.6 | P5: =+I5/$P$3*$N$9 -> 67142.233 | Q5: =+(P5+N5)/D5 -> 47733.171
A6: 3 | B6: Цагаан будаа 5кг | C6: 2025.03.18 | D6: 4000 | E6: 9500 | G6: =+E6*D6 -> 38000000 | H6: 2.39 | I6: =(G6)*H6 -> 90820000 | J6: =I6*5% -> 4541000 | K6: =(I6+J6)*0.1 -> 9536100 | L6: 38200 | M6: =1087120+238440 -> 1325560 | N6: =I6+J6+L6+M6 -> 96724760 | O6: =N6/D6 -> 24181.19 | P6: =+I6/$P$3*$N$9 -> 67142.233 | Q6: =+(P6+N6)/D6 -> 24197.976
A7: 4 | B7: Цагаан будаа 2кг | C7: 2025.04.14 | D7: 1500 | E7: 3800 | G7: =+E7*D7 -> 5700000 | H7: 2.91 | I7: =(G7)*H7 -> 16587000 | J7: =I7*5% -> 829350 | K7: =(I7+J7)*0.1 -> 1741635 | L7: =13500+8200+2400 -> 24100 | M7: =295225+526225 -> 821450 | N7: =I7+J7+L7+M7 -> 18261900 | O7: =N7/D7 -> 12174.6 | P7: =+I7/$P$3*$N$9 -> 12262.588 | Q7: =+(P7+N7)/D7 -> 12182.775
A8: 5 | B8: Цагаан будаа 1кг | C8: 2025.04.14 | D8: 2400 | E8: 1900 | G8: =+E8*D8 -> 4560000 | H8: 2.91 | I8: =(G8)*H8 -> 13269600 | J8: =I8*5% -> 663480 | K8: =(I8+J8)*0.1 -> 1393308 | L8: 13500 | N8: =I8+J8+L8+M8 -> 13946580 | O8: =N8/D8 -> 5811.075 | P8: =+I8/$P$3*$N$9 -> 9810.0702 | Q8: =+(P8+N8)/D8 -> 5815.1625
A9: 6 | B9: Шошго | D9: =+'[4]Gaali-2025'!E32 -> 16 | E9: =78.6543652963121/16 -> 4.9158978 | G9: =+E9*D9 -> 78.654365 | H9: =+'[4]Gaali-2025'!I29 -> 3530.23 | I9: =(G9)*H9 -> 277668 | J9: =I9*5% -> 13883.4 | K9: =(I9+J9)*0.1 -> 29155.14 | L9: 13500 | M9: 7000 | N9: =I9+J9+L9+M9 -> 312051.4 | O9: =N9/D9 -> 19503.212
A10: 7 | B10: Илжгэн чих 60гр | C10: 2025.08.25 | D10: 2016 | E10: 750 | F10: =+[7]Import!F4 -> 804896.22 | G10: =(E10*D10)+F10 -> 2316896.2 | H10: 2.58 | I10: =(G10)*H10 -> 5977592.2 | J10: 378683.4 | K10: 795235.13 | L10: 13500 | M10: 121331.83 | N10: =I10+J10+L10+M10 -> 6491107.5 | O10: =N10/D10 -> 3219.7954 | Q10: =+O10 -> 3219.7954
A11: 8 | B11: Илжгэн чих 60гр | D11: 2880 | E11: 850 | F11: =+[7]Import!F5 -> 1303165.3 | G11: =(E11*D11)+F11 -> 3751165.3 | H11: 2.58 | I11: =(G11)*H11 -> 9678006.5 | J11: 637090.46 | K11: 1337890 | L11: =20000+10600 -> 30600 | M11: 196442.02 | N11: =I11+J11+L11+M11 -> 10542139 | O11: =N11/D11 -> 3660.4649 | Q11: =+O11 -> 3660.4649
A12: 9 | B12: 6 тай тавиур | D12: 500 | E12: 50 | F12: =+[7]Import!F6 -> 13308.469 | G12: =(E12*D12)+F12 -> 38308.469 | H12: 2.58 | I12: =(G12)*H12 -> 98835.851 | J12: 11520.78 | K12: 24193.63 | L12: 20000 | M12: 2006.1481 | N12: =I12+J12+L12+M12 -> 132362.78 | O12: =N12/D12 -> 264.72556 | Q12: =+O12 -> 264.72556
A13: 10 | B13: Гүзээлзгэнэ | C13: 2025.07.07 | D13: 800 | E13: 1 | G13: =+E13*D13 -> 800 | H13: 3583.72 | I13: =(261.029321+G13)*H13 -> 3802432 | J13: =I13*5% -> 190121.6 | K13: =(I13+J13)*0.1 -> 399255.36 | L13: 30000 | N13: =I13+J13+L13+M13 -> 4022553.6 | O13: =N13/D13 -> 5028.192 | Q13: =+O13 -> 5028.192
A14: Дүн | D14: =SUM(D4:D13) -> 18112 | E14: =SUM(E4:E13) -> 80855.916 | G14: =SUM(G4:G13) -> 1.8236725e+08 | H14: =SUM(H4:H13) -> 7134.63 | I14: =SUM(I4:I13) -> 4.4193113e+08 | J14: =SUM(J4:J13) -> 22336130 | K14: =SUM(K4:K13) -> 46905872 | L14: =SUM(L4:L13) -> 259600 | M14: =SUM(M4:M13) -> 2473790 | N14: =SUM(N4:N13) -> 4.6700065e+08 | O14: =SUM(O4:O13) -> 232126.86 | Q14: =SUM(Q4:Q13) -> 212764.11
I18: =2+2+6+1+5 -> 16 | J18: ДТ | K18: КТ
H19: БНТӨглөг | K19: =I14 -> 4.4193113e+08
H20: Дансны өглөг-Бусад тооцоо | K20: =+J14+K14+L14+M14 -> 71975392
H22: БМ | J22: =+I14+J14+L14+M14 -> 4.6700065e+08
H23: НӨАТ | J23: =+K14 -> 46905872
J25: =SUM(J19:J24) -> 5.1390653e+08 | K25: =SUM(K19:K24) -> 5.1390653e+08

Sheet Sheet2
B2: Pulbichae eco friendly
A3: Д/д | B3: Барааны нэрс | C3: Тоо | D3: Нэгж үнэ KRW | E3: Үнэ KRW | F3: Тээвэр KRW | G3: Нийт өртөг МНТ | H3: Хадгалалт | I3: Гааль | J3: НӨАТ | K3: Нэгж өртөг
A4: 1 | B4: Илжгэн чих 60гр | C4: 2016 | D4: 750 | E4: =C4*D4 -> 1512000 | F4: =(E4/$E$7)*F6 -> 2021.6781 | G4: =(E4+F4)*2.58 -> 3906175.9 | H4: =G4/G7*H7 -> 107253.76 | I4: 378683.4 | J4: 795235.13 | K4: =(G4+H4+I4)/C4 -> 2178.6275
A5: 2 | B5: Илжгэн чих 60гр | C5: 2880 | D5: 850 | E5: =+C5*D5 -> 2448000 | F5: =(E5/$E$7)*F7 -> 521746.99 | G5: =(E5+F5)*2.58 -> 7661947.2 | H5: =G5/G7*H7 -> 210377.78 | I5: 637090.46 | J5: 1337890 | K5: =(G5+H5+I5)/C5 -> 2954.6582
A6: 3 | B6: 6 тай тавиур | C6: 500 | D6: 50 | E6: =+C6*D6 -> 25000 | F6: =(E6/$E$7)*F7 -> 5328.2986 | G6: =(E6+F6)*2.58 -> 78247.01 | H6: =G6/G7*H7 -> 2148.4659 | I6: 11520.78 | J6: 24193.63 | K6: =(G6+H6+I6)/C6 -> 183.83251
E7: =SUM(E4:E6) -> 3985000 | F7: 849330.79 | G7: =SUM(G4:G6) -> 11646370 | H7: =351758/1.1 -> 319780 | I7: =SUM(I4:I6) -> 1027294.6 | J7: =SUM(J4:J6) -> 2157318.7
E8: =E7*2.58 -> 10281300

Sheet BM
B2: Жидакс ХК-Цагаан будааны борлуулалтын тайлан / 쌀 판매 보고서
B3: Цагаан будаа борлуулалт
A4: Огноо / 날짜 | C4: 20кг | D4: 10кг | E4: 5кг | F4: 2кг | G4: 1кг | Q4: Нийт өртөг
B5: Өртөг | C5: =+'Gaali-2025'!Q8 -> 113484.68 | D5: =+'Gaali-2025'!Q12 -> 48457.5 | E5: =+'Gaali-2025'!Q13 -> 24216.73 | F5: =+'Gaali-2025'!Q19 -> 9655.8 | G5: =+'Gaali-2025'!Q18 -> 5388.2437 | L5: =C7*C5 -> 1.4015358e+08 | M5: =D7*D5 -> 26263965 | N5: =E7*E5 -> 22521559 | O5: =F7*F5 -> 8159151 | P5: =G7*G5 -> 11159053 | Q5: =SUM(L5:P5) -> 2.0825731e+08
A6: 1 | B6: Орлого | C6: 2000 | D6: 2000 | E6: 4000 | F6: 1500 | G6: 2400
A7: 2 | B7: Борлуулалт | C7: =+L59 -> 1235 | D7: =+M59-3 -> 542 | E7: =+N59 -> 930 | F7: =+O59 -> 845 | G7: =+P59 -> 2071 | H7: =SUM(C7:G7) -> 5623 | L7: Gaalid | M7: =M21*D5 -> 145372.5 | N7: дээж
A8: 3 | B8: ЛИЙ 사장
A9: Үлдэгдэл /수량 잔액 | C9: =C6-C7-C8 -> 765 | D9: =D6-D7-D8 -> 1458 | E9: =E6-E7-E8 -> 3070 | F9: =F6-F7-F8 -> 655 | G9: =G6-G7-G8 -> 329 | L9: =+G13/1.1 -> 110000
A11: № | B11: Огноо / 날짜 | C11: Нэхэмжлэхийн дугаар / 청구서 번호 | D11: Байгууллага нэрс / 기관 명칭들 | E11: Байгууллага РД | F11: Гэрээний / pdf / | G11: Нэгж үнэ / 단가 | L11: 20 кг | M11: 10 кг | N11: 5 кг | O11: 2 кг | P11: 1 кг | Q11: Төлөх дүн / 결제 금액 | R11: Төлсөн / 유급의 | S11: НӨАТ-тэй борлуулалт / 부가세 | T11: Гүйцэтгэл / 수행
G12: 20 кг | H12: 10 кг | I12: 5 кг | J12: 2 кг | K12: 1 кг
A13: 1 | B13: 2025.01.21 | C13: НЭХЭМЖЛЭХ №1 | D13: Signature desings LLC | E13: 5538009 | F13: 0 | G13: 121000 | K13: 12000 | L13: 150 | Q13: =+G13*L13 -> 18150000 | R13: 18150000 | S13: 1 | T13: 1
A14: 2 | B14: 2025.01.21 | C14: НЭХЭМЖЛЭХ №2 | D14: СӨҮЛ | E14: 2073854 | F14: 0 | G14: 121000 | K14: 12000 | L14: 260 | Q14: =+G14*L14 -> 31460000 | R14: 31460000 | S14: 1 | T14: 1
A15: 3 | B15: 2025.01.25 | C15: 0 | D15: Ирусам ХХК | E15: 5869072 | G15: 121000 | K15: 12000 | L15: 50 | Q15: =+G15*L15 -> 6050000 | R15: 6050000 | S15: 1 | T15: 1
A16: 4 | B16: 2025.01.24 | C16: НЭХЭМЖЛЭХ №3 | D16: Хангүг Сувон Сэри | E16: 7001529 | F16: 0 | G16: 121000 | K16: 12000 | L16: 10 | Q16: =+G16*L16 -> 1210000 | R16: 1210000 | S16: 1 | T16: 1
A17: 6 | B17: 2025.02.20 | C17: НЭХЭМЖЛЭХ №4 | D17: Монголкореа сторе | E17: 5906261 | F17: 0 | G17: 145000 | K17: 12000 | L17: 300 | Q17: =+G17*L17 -> 43500000 | R17: 43500000 | S17: 1 | T17: 1
A18: 7 | B18: 2025.03.26 | C18: НЭХЭМЖЛЭХ №5 | D18: Монголкореа сторе | E18: 5906261 | F18: 0 | H18: 85000 | I18: 48000 | K18: 12000 | M18: 50 | N18: 200 | Q18: 13850000 | R18: 13850000 | S18: 1 | T18: 1
A19: 8 | B19: 2025.03.27 | C19: НЭХЭМЖЛЭХ №6 | D19: Арвин бүрэн | E19: 5344476 | F19: 0 | H19: 85000 | I19: 48000 | K19: 12000 | M19: 10 | N19: 20 | Q19: 1810000 | R19: 1810000 | S19: 1 | T19: 1
A20: 9 | B20: 2025.04.15 | C20: НЭХЭМЖЛЭХ №7 | D20: СӨҮЛ | E20: 2073854 | F20: 0 | G20: 121000 | K20: 12000 | L20: 150 | Q20: =+G20*L20 -> 18150000 | R20: 18150000 | S20: 1 | T20: 1
A21: 10 | B21: 2025.04.21 | C21: 0 | D21: Гаалийн ахлах | E21: 0 | F21: 0 | H21: 72500 | K21: 12000 | M21: 3 | Q21: 217500 | R21: 217500 | S21: 1 | T21: 1
A22: 11 | B22: 2025.04.21 | C22: 0 | D22: Хувь хүн | E22: 0 | F22: 0 | G22: 160000 | K22: 12000 | L22: 1 | Q22: =+G22*L22 -> 160000 | R22: 160000 | S22: 1 | T22: 1
A23: 11 | B23: 2025.04.22 | D23: Хувь хүн | E23: 0 | F23: 0 | G23: 160000 | K23: 12000 | L23: 1 | Q23: =+G23*L23 -> 160000 | R23: 217500 | S23: 1 | T23: 1
A24: 11 | B24: 2025.04.23 | D24: Хувь хүн | E24: 0 | F24: 0 | G24: 160000 | K24: 12000 | L24: 1 | Q24: =+G24*L24 -> 160000 | R24: 217500 | S24: 1 | T24: 1
A25: 11 | B25: 2025.04.24 | D25: Хувь хүн | E25: 0 | F25: 0 | G25: 160000 | K25: 12000 | L25: 1 | Q25: =+G25*L25 -> 160000 | R25: 217500 | S25: 1 | T25: 1
A26: 11 | B26: 2025.04.25 | D26: Хувь хүн | E26: 0 | F26: 0 | G26: 160000 | K26: 12000 | L26: 1 | Q26: =+G26*L26 -> 160000 | R26: 217500 | S26: 1 | T26: 1
A27: 11 | B27: 2025.04.26 | D27: Хувь хүн | E27: 0 | F27: 0 | G27: 160000 | K27: 12000 | L27: 1 | Q27: =+G27*L27 -> 160000 | R27: 217500 | S27: 1 | T27: 1
A28: 11 | B28: 2025.04.27 | D28: Хувь хүн | E28: 0 | F28: 0 | G28: 160000 | K28: 12000 | L28: 1 | Q28: =+G28*L28 -> 160000 | R28: 217500 | S28: 1 | T28: 1
A29: 11 | B29: 2025.04.28 | D29: Хувь хүн | E29: 0 | F29: 0 | G29: 160000 | K29: 12000 | L29: 1 | Q29: =160000-35000 -> 125000 | R29: 217500 | S29: 1 | T29: 1
A30: 12 | B30: 2025.05.13 | C30: НЭХЭМЖЛЭХ №8 | D30: Арвин бүрэн | E30: 5344476 | F30: 0 | H30: 85000 | I30: 48000 | J30: 20000 | K30: 12000 | M30: 20 | N30: 20 | O30: 20 | Q30: =+L30*G30+M30*H30+N30*I30+O30*J30+P30*K30 -> 3060000 | R30: 3060000 | S30: 1 | T30: 1
A31: 13 | B31: 2025.06.05 | C31: НЭХЭМЖЛЭХ №9 | D31: Солонгос иргэдийн нийгэмлэг | E31: 1028073 | F31: 0 | K31: 12000 | P31: 100 | Q31: =+L31*G31+M31*H31+N31*I31+O31*J31+P31*K31 -> 1200000 | R31: 1200000 | S31: 1 | T31: 1
A32: 14 | B32: 2025.06.13 | C32: НЭХЭМЖЛЭХ №10 | D32: Монголкореа сторе | E32: 5906261 | F32: 0 | H32: 85000 | I32: 48000 | J32: 20000 | K32: 12000 | M32: 30 | N32: 50 | O32: 50 | Q32: =+L32*G32+M32*H32+N32*I32+O32*J32+P32*K32 -> 5950000 | R32: 5950000 | S32: 1 | T32: 1
A33: 16 | B33: 2025.06.30 | C33: НЭХЭМЖЛЭХ №12 | D33: Монголкореа сторе | E33: 5906261 | F33: 0 | G33: 160000 | H33: 85000 | I33: 48000 | J33: 20000 | K33: 12000 | L33: 10 | M33: 20 | N33: 30 | O33: 30 | Q33: =+L33*G33+M33*H33+N33*I33+O33*J33+P33*K33 -> 5340000 | R33: 5340000 | S33: 1 | T33: 1
A34: 17 | B34: 2025.07.08 | C34: НЭХЭМЖЛЭХ №13 | D34: Эко Грийн Энержи | E34: 5734258 | F34: 0 | G34: 160000 | H34: 85000 | I34: 48000 | J34: 20000 | K34: 12000 | N34: 50 | O34: 50 | Q34: =+L34*G34+M34*H34+N34*I34+O34*J34+P34*K34 -> 3400000 | R34: 3400000 | S34: 1 | T34: 1 | U34: Lee dans
A35: 18 | B35: 2025.07.24 | C35: НЭХЭМЖЛЭХ №14 | D35: Арвин бүрэн | E35: 5344476 | F35: 0 | G35: 160000 | H35: 85000 | I35: 48000 | J35: 20000 | K35: 12000 | N35: 20 | O35: 15 | Q35: =+L35*G35+M35*H35+N35*I35+O35*J35+P35*K35 -> 1260000
A36: 19 | B36: 2025.07.25 | C36: НЭХЭМЖЛЭХ №15 | D36: Монголкореа сторе | E36: 5906261 | F36: 0 | G36: 160000 | H36: 85000 | I36: 48000 | J36: 20000 | K36: 12000 | L36: 20 | M36: 30 | N36: 50 | O36: 50 | Q36: =+L36*G36+M36*H36+N36*I36+O36*J36+P36*K36 -> 9150000 | R36: 9150000 | S36: 1 | T36: 1
A37: 20 | B37: 2025.07.25 | C37: НЭХЭМЖЛЭХ №16 | D37: Мэлз дэлгэрэх Хайрхан | E37: 4557875 | G37: 160000 | H37: 85000 | I37: 48000 | J37: 20000 | K37: 12000 | L37: 10 | M37: 20 | N37: 60 | O37: 80 | Q37: =+L37*G37+M37*H37+N37*I37+O37*J37+P37*K37 -> 7780000 | R37: 2000000
A38: 21 | B38: 2025.08.08 | C38: НЭХЭМЖЛЭХ №17 | D38: Монголкореа сторе | E38: 5906261 | G38: 160000 | H38: 85000 | I38: 48000 | J38: 20000 | K38: 12000 | L38: 20 | M38: 30 | N38: 50 | O38: 50 | Q38: =+L38*G38+M38*H38+N38*I38+O38*J38+P38*K38 -> 9150000 | R38: 9150000 | S38: 1 | T38: 1
A39: 22 | B39: 2025.08.25 | C39: НЭХЭМЖЛЭХ №18 | D39: Монголкореа сторе | E39: 5906261 | G39: 160000 | H39: 85000 | I39: 48000 | J39: 20000 | K39: 12000 | L39: 20 | M39: 30 | N39: 50 | O39: 100 | Q39: =+L39*G39+M39*H39+N39*I39+O39*J39+P39*K39 -> 10150000 | R39: 10150000 | S39: 1 | T39: 1
A40: 23 | B40: 2025.09.15 | C40: НЭХЭМЖЛЭХ №19 | D40: СӨҮЛ | E40: 2073854 | G40: 121000 | H40: 85000 | I40: 48000 | J40: 20000 | K40: 12000 | L40: 200 | Q40: =+L40*G40+M40*H40+N40*I40+O40*J40+P40*K40 -> 24200000 | R40: 24200000 | S40: 1 | T40: 1
A41: 24 | B41: 2025.09.19 | C41: НЭХЭМЖЛЭХ №20 | D41: Монголкореа сторе | E41: 5906261 | G41: 160000 | H41: 85000 | I41: 48000 | J41: 20000 | K41: 12000 | M41: 30 | N41: 50 | O41: 100 | Q41: =+L41*G41+M41*H41+N41*I41+O41*J41+P41*K41 -> 6950000 | R41: 6950000 | S41: 1 | T41: 1
A42: 25 | B42: 2025.10.06 | C42: НЭХЭМЖЛЭХ №21 | D42: Монголкореа сторе | E42: 5906261 | G42: 160000 | H42: 85000 | I42: 48000 | J42: 20000 | K42: 12000 | M42: 50 | N42: 50 | O42: 50 | Q42: =+L42*G42+M42*H42+N42*I42+O42*J42+P42*K42 -> 7650000 | R42: 7650000 | S42: 1 | T42: 1
A43: 26 | B43: 2025.10.17 | C43: НЭХЭМЖЛЭХ №22 | D43: Монголкореа сторе | E43: 5906261 | G43: 160000 | H43: 85000 | I43: 48000 | J43: 20000 | K43: 12000 | M43: 20 | N43: 50 | O43: 100 | Q43: =+L43*G43+M43*H43+N43*I43+O43*J43+P43*K43 -> 6100000 | R43: 6100000 | S43: 1 | T43: 1
A44: 27 | B44: 2025.10.29 | C44: НЭХЭМЖЛЭХ №23 | D44: Премиум Нэксус ХК | E44: 6155804 | G44: 160000 | H44: 85000 | I44: 48000 | J44: 20000 | K44: 12000 | P44: 500 | Q44: =+L44*G44+M44*H44+N44*I44+O44*J44+P44*K44 -> 6000000 | S44: 1 | T44: 1
A45: 28 | B45: 2025.10.31 | C45: НЭХЭМЖЛЭХ №24 | D45: Премиум Нэксус ХК | E45: 6155804 | G45: 160000 | H45: 85000 | I45: 48000 | J45: 20000 | K45: 12000 | P45: 300 | Q45: =+L45*G45+M45*H45+N45*I45+O45*J45+P45*K45 -> 3600000 | R45: 8160000 | S45: 1 | T45: 1
A46: 30 | B46: 2025.11.05 | C46: НЭХЭМЖЛЭХ №26 | D46: Монголкореа сторе | E46: 5906261 | G46: 160000 | H46: 85000 | I46: 48000 | J46: 20000 | K46: 12000 | M46: 30 | N46: 50 | Q46: =+L46*G46+M46*H46+N46*I46+O46*J46+P46*K46 -> 4950000 | R46: 4950000 | S46: 1 | T46: 1
A47: 31 | B47: 2025.11.06 | C47: НЭХЭМЖЛЭХ №27 | D47: Премиум Нэксус ХК | E47: 6155804 | G47: 160000 | H47: 85000 | I47: 48000 | J47: 20000 | K47: 12000 | P47: 300 | Q47: =+L47*G47+M47*H47+N47*I47+O47*J47+P47*K47 -> 3600000
A48: 32 | B48: 2025.11.19 | C48: НЭХЭМЖЛЭХ №28 | D48: Премиум Нэксус ХК | E48: 6155804 | G48: 160000 | H48: 85000 | I48: 48000 | J48: 20000 | K48: 12000 | P48: 400 | Q48: =+L48*G48+M48*H48+N48*I48+O48*J48+P48*K48 -> 4800000
A49: 33 | B49: 2025.11.20 | C49: НЭХЭМЖЛЭХ №29 | D49: Премиум Нэксус ХК | E49: 6155804 | G49: 160000 | H49: 85000 | I49: 48000 | J49: 20000 | K49: 12000 | P49: 100 | Q49: =+L49*G49+M49*H49+N49*I49+O49*J49+P49*K49 -> 1200000
A50: 34 | B50: 2025.11.20 | C50: НЭХЭМЖЛЭХ №30 | D50: Монголкореа сторе | E50: 5906261 | G50: 160000 | H50: 85000 | I50: 48000 | J50: 20000 | K50: 12000 | M50: 10 | N50: 30 | O50: 50 | Q50: =+L50*G50+M50*H50+N50*I50+O50*J50+P50*K50 -> 3290000 | R50: 3290000 | S50: 1 | T50: 1
A51: 35 | B51: 2025.11.25 | C51: НЭХЭМЖЛЭХ №31 | D51: Премиум Нэксус ХК | E51: 6155804 | G51: 160000 | H51: 85000 | I51: 48000 | J51: 20000 | K51: 12000 | P51: 60 | Q51: =+L51*G51+M51*H51+N51*I51+O51*J51+P51*K51 -> 720000
A52: 36 | B52: 2025.11.28 | C52: НЭХЭМЖЛЭХ №32 | D52: Премиум Нэксус ХК | E52: 6155804 | G52: 160000 | H52: 85000 | I52: 48000 | J52: 20000 | K52: 12000 | P52: 300 | Q52: =+L52*G52+M52*H52+N52*I52+O52*J52+P52*K52 -> 3600000 | R52: 9048000 | S52: 1 | T52: 1
A53: 37 | B53: 2025.12.03 | C53: НЭХЭМЖЛЭХ №33 | D53: Монголкореа сторе | E53: 5906261 | G53: 160000 | H53: 85000 | I53: 48000 | J53: 20000 | M53: 30 | N53: 50 | O53: 50 | Q53: =+L53*G53+M53*H53+N53*I53+O53*J53+P53*K53 -> 5950000 | R53: 5950000
A54: 38 | B54: 2025.12.22 | C54: НЭХЭМЖЛЭХ №34 | D54: Монголкореа сторе | E54: 5906261 | G54: 160000 | H54: 85000 | I54: 48000 | J54: 20000 | M54: 30 | N54: 50 | O54: 50 | Q54: =+L54*G54+M54*H54+N54*I54+O54*J54+P54*K54 -> 5950000
A55: 39 | B55: 2025.12.22 | C55: НЭХЭМЖЛЭХ №35 | D55: Манува интернэшнл | E55: 7151713 | G55: 160000 | H55: 85000 | I55: 48000 | J55: 20000 | M55: 100 | Q55: =+L55*G55+M55*H55+N55*I55+O55*J55+P55*K55 -> 8500000 | R55: 8500000 | S55: 1 | T55: 1 | V55: 5кг*100 TV9
A56: 40 | D56: Аз фүүд сис | G56: 160000 | H56: 85000 | I56: 48000 | J56: 20000 | K56: 12273 | L56: 16 | M56: 2 | P56: 11 | Q56: =+L56*G56+M56*H56+N56*I56+O56*J56+P56*K56 -> 2865003
A57: 41 | D57: СӨҮЛ | G57: 160000 | H57: 85000 | I57: 48000 | J57: 20000 | K57: 12000 | L57: 11 | Q57: =+L57*G57+M57*H57+N57*I57+O57*J57+P57*K57 -> 1760000
A58: 41 | G58: 160000 | H58: 85000 | I58: 48000 | J58: 20000 | K58: 12000
A59: НИЙТ: | L59: =SUM(L13:L58) -> 1235 | M59: =SUM(M13:M58) -> 545 | N59: =SUM(N13:N58) -> 930 | O59: =SUM(O13:O58) -> 845 | P59: =SUM(P13:P58) -> 2071 | Q59: =SUM(Q13:Q58) -> 293767503 | R59: =SUM(R13:R58) -> 270278000 | S59: 11 | T59: 0.76035502
G60: =2865000/G58 -> 17.90625 | H60: =2865000/H58 -> 33.705882 | I60: =2865000/I58 -> 59.6875 | J60: =2865000/J58 -> 143.25 | K60: =2865000/K58 -> 238.75 | Q60: =2865000-Q56 -> -3
L61: =135000/11 -> 12272.727 | Q61: =+Q59-Q21 -> 293550003
Q62: =+Q61-Bor!J19-Q21 -> 23302503
Q67: =1155-1120 -> 35

Sheet Sheet3
B2: Жидакс ХК-Цагаан будааны борлуулалтын тайлан / 쌀 판매 보고서
B3: Цагаан будаа борлуулалт
A4: Огноо / 날짜 | C4: 20кг | D4: 10кг | E4: 5кг | F4: 2кг | G4: 1кг | Q4: Нийт өртөг
B5: Өртөг | C5: =+'Gaali-2025'!Q8 -> 113484.68 | D5: =+'Gaali-2025'!Q12 -> 48457.5 | E5: =+'Gaali-2025'!Q13 -> 24216.73 | F5: =+'Gaali-2025'!Q19 -> 9655.8 | G5: =+'Gaali-2025'!Q18 -> 5388.2437 | L5: =C7*C5 -> 1.4265024e+08 | M5: =D7*D5 -> 41043502 | N5: =E7*E5 -> 26275152 | O5: =F7*F5 -> 8207430 | P5: =G7*G5 -> 11159053 | Q5: =SUM(L5:P5) -> 2.2933538e+08
A6: 1 | B6: Орлого | C6: 2000 | D6: 2000 | E6: 4000 | F6: 1500 | G6: 2400
A7: 2 | B7: Борлуулалт | C7: =+L69 -> 1257 | D7: =+M69-3 -> 847 | E7: =+N69 -> 1085 | F7: =+O69 -> 850 | G7: =+P69 -> 2071 | H7: =SUM(C7:G7) -> 6110 | M7: =+M22*D5 -> 145372.5 | N7: дээж
A8: 3 | B8: ЛИЙ 사장
A9: Үлдэгдэл /수량 잔액 | C9: =C6-C7-C8 -> 743 | D9: =D6-D7-D8 -> 1153 | E9: =E6-E7-E8 -> 2915 | F9: =F6-F7-F8 -> 650 | G9: =G6-G7-G8 -> 329 | L9: =+G13/1.1 -> 110000
A11: № | B11: Огноо / 날짜 | C11: Нэхэмжлэхийн дугаар / 청구서 번호 | D11: Байгууллага нэрс / 기관 명칭들 | E11: Байгууллага РД | F11: Гэрээний / pdf / | G11: Нэгж үнэ / 단가 | L11: 20 кг | M11: 10 кг | N11: 5 кг | O11: 2 кг | P11: 1 кг | Q11: Төлөх дүн / 결제 금액 | R11: Төлсөн / 유급의 | S11: НӨАТ-тэй борлуулалт / 부가세 | T11: Гүйцэтгэл / 수행
G12: 20 кг | H12: 10 кг | I12: 5 кг | J12: 2 кг | K12: 1 кг
A13: 1 | B13: 2025.01.21 | C13: НЭХЭМЖЛЭХ №1 | D13: Signature desings LLC | E13: 5538009 | F13: 0 | G13: 121000 | K13: 12000 | L13: 150 | Q13: =+G13*L13 -> 18150000 | R13: 18150000 | S13: 1 | T13: 1
A14: 2 | B14: 2025.01.21 | C14: НЭХЭМЖЛЭХ №2 | D14: СӨҮЛ | E14: 2073854 | F14: 0 | G14: 121000 | K14: 12000 | L14: 260 | Q14: =+G14*L14 -> 31460000 | R14: 31460000 | S14: 1 | T14: 1
A15: 3 | B15: 2025.01.25 | C15: 0 | D15: Ирусам ХХК | E15: 5869072 | G15: 121000 | K15: 12000 | L15: 50 | Q15: =+G15*L15 -> 6050000 | R15: 6050000 | S15: 1 | T15: 1
A16: 4 | B16: 2025.01.24 | C16: НЭХЭМЖЛЭХ №3 | D16: Хангүг Сувон Сэри | E16: 7001529 | F16: 0 | G16: 121000 | K16: 12000 | L16: 10 | Q16: =+G16*L16 -> 1210000 | R16: 1210000 | S16: 1 | T16: 1
A17: 5 | B17: 2025.01.27 | C17: 0 | D17: Мега | E17: 0 | G17: 121000 | K17: 12000 | L17: 10 | Q17: =+G17*L17 -> 1210000 | R17: 1210000 | S17: 1 | T17: 1
A18: 6 | B18: 2025.02.20 | C18: НЭХЭМЖЛЭХ №4 | D18: Монголкореа сторе | E18: 5906261 | F18: 0 | G18: 145000 | K18: 12000 | L18: 300 | Q18: =+G18*L18 -> 43500000 | R18: 43500000 | S18: 1 | T18: 1
A19: 7 | B19: 2025.03.26 | C19: НЭХЭМЖЛЭХ №5 | D19: Монголкореа сторе | E19: 5906261 | F19: 0 | H19: 85000 | I19: 48000 | K19: 12000 | M19: 50 | N19: 200 | Q19: 13850000 | R19: 13850000 | S19: 1 | T19: 1
A20: 8 | B20: 2025.03.27 | C20: НЭХЭМЖЛЭХ №6 | D20: Арвин бүрэн | E20: 5344476 | F20: 0 | H20: 85000 | I20: 48000 | K20: 12000 | M20: 10 | N20: 20 | Q20: 1810000 | R20: 1810000 | S20: 1 | T20: 1
A21: 9 | B21: 2025.04.15 | C21: НЭХЭМЖЛЭХ №7 | D21: СӨҮЛ | E21: 2073854 | F21: 0 | G21: 121000 | K21: 12000 | L21: 150 | Q21: =+G21*L21 -> 18150000 | R21: 18150000 | S21: 1 | T21: 1
A22: 10 | B22: 2025.04.21 | C22: 0 | D22: Гаалийн ахлах | E22: 0 | F22: 0 | H22: 72500 | K22: 12000 | M22: 3 | Q22: 217500 | R22: 217500 | S22: 1 | T22: 1
A23: 11 | B23: 2025.04.21 | C23: 0 | D23: Хувь хүн | E23: 0 | F23: 0 | G23: 160000 | K23: 12000 | L23: 1 | Q23: =+G23*L23 -> 160000 | R23: 160000 | S23: 1 | T23: 1
A24: 11 | B24: 2025.04.22 | D24: Хувь хүн | E24: 0 | F24: 0 | G24: 160000 | K24: 12000 | L24: 1 | Q24: =+G24*L24 -> 160000 | R24: 217500 | S24: 1 | T24: 1
A25: 11 | B25: 2025.04.23 | D25: Хувь хүн | E25: 0 | F25: 0 | G25: 160000 | K25: 12000 | L25: 1 | Q25: =+G25*L25 -> 160000 | R25: 217500 | S25: 1 | T25: 1
A26: 11 | B26: 2025.04.24 | D26: Хувь хүн | E26: 0 | F26: 0 | G26: 160000 | K26: 12000 | L26: 1 | Q26: =+G26*L26 -> 160000 | R26: 217500 | S26: 1 | T26: 1
A27: 11 | B27: 2025.04.25 | D27: Хувь хүн | E27: 0 | F27: 0 | G27: 160000 | K27: 12000 | L27: 1 | Q27: =+G27*L27 -> 160000 | R27: 217500 | S27: 1 | T27: 1
A28: 11 | B28: 2025.04.26 | D28: Хувь хүн | E28: 0 | F28: 0 | G28: 160000 | K28: 12000 | L28: 1 | Q28: =+G28*L28 -> 160000 | R28: 217500 | S28: 1 | T28: 1
A29: 11 | B29: 2025.04.27 | D29: Хувь хүн | E29: 0 | F29: 0 | G29: 160000 | K29: 12000 | L29: 1 | Q29: =+G29*L29 -> 160000 | R29: 217500 | S29: 1 | T29: 1
A30: 11 | B30: 2025.04.28 | D30: Хувь хүн | E30: 0 | F30: 0 | G30: 160000 | K30: 12000 | L30: 1 | Q30: =160000-35000 -> 125000 | R30: 217500 | S30: 1 | T30: 1
A31: 11 | B31: 2025.04.29 | D31: Хувь хүн | E31: 0 | F31: 0 | G31: 160000 | K31: 12000 | L31: 1 | Q31: =160000+35000 -> 195000 | R31: 217500 | S31: 1 | T31: 1
A32: 11 | B32: 2025.04.30 | D32: Хувь хүн | E32: 0 | F32: 0 | G32: 160000 | K32: 12000 | L32: 1 | Q32: =+G32*L32 -> 160000 | R32: 217500 | S32: 1 | T32: 1
A33: 11 | B33: 2025.04.31 | D33: Хувь хүн | E33: 0 | F33: 0 | G33: 160000 | K33: 12000 | L33: 1 | Q33: =+G33*L33 -> 160000 | R33: 217500 | S33: 1 | T33: 1
A34: 11 | B34: 2025.04.32 | D34: Хувь хүн | E34: 0 | F34: 0 | G34: 160000 | K34: 12000 | L34: 1 | Q34: =+G34*L34 -> 160000 | R34: 217500 | S34: 1 | T34: 1
A35: 11 | B35: 2025.04.33 | D35: Хувь хүн | E35: 0 | F35: 0 | G35: 160000 | K35: 12000 | L35: 1 | Q35: =+G35*L35 -> 160000 | R35: 217500 | S35: 1 | T35: 1
A36: 11 | B36: 2025.04.34 | D36: Хувь хүн | E36: 0 | F36: 0 | G36: 160000 | K36: 12000 | L36: 1 | Q36: =+G36*L36 -> 160000 | R36: 217500 | S36: 1 | T36: 1
A37: 11 | B37: 2025.04.35 | D37: Хувь хүн | E37: 0 | F37: 0 | G37: 160000 | K37: 12000 | L37: 1 | Q37: =+G37*L37 -> 160000 | R37: 217500 | S37: 1 | T37: 1
A38: 12 | B38: 2025.05.13 | C38: НЭХЭМЖЛЭХ №8 | D38: Арвин бүрэн | E38: 5344476 | F38: 0 | H38: 85000 | I38: 48000 | J38: 20000 | K38: 12000 | M38: 20 | N38: 20 | O38: 20 | Q38: =+L38*G38+M38*H38+N38*I38+O38*J38+P38*K38 -> 3060000 | R38: 3060000 | S38: 1 | T38: 1
A39: 13 | B39: 2025.06.05 | C39: НЭХЭМЖЛЭХ №9 | D39: Солонгос иргэдийн нийгэмлэг | E39: 1028073 | F39: 0 | K39: 12000 | P39: 100 | Q39: =+L39*G39+M39*H39+N39*I39+O39*J39+P39*K39 -> 1200000 | R39: 1200000 | S39: 1 | T39: 1
A40: 14 | B40: 2025.06.13 | C40: НЭХЭМЖЛЭХ №10 | D40: Монголкореа сторе | E40: 5906261 | F40: 0 | H40: 85000 | I40: 48000 | J40: 20000 | K40: 12000 | M40: 30 | N40: 50 | O40: 50 | Q40: =+L40*G40+M40*H40+N40*I40+O40*J40+P40*K40 -> 5950000 | R40: 5950000 | S40: 1 | T40: 1
A41: 15 | B41: 2025.06.13 | C41: НЭХЭМЖЛЭХ №11 | D41: Ихнаяд зах 87-р лангуу | F41: 0 | G41: 160000 | H41: 85000 | I41: 48000 | J41: 20000 | K41: 12000 | L41: 5 | M41: 5 | N41: 5 | O41: 5 | Q41: =+L41*G41+M41*H41+N41*I41+O41*J41+P41*K41 -> 1565000 | R41: 1565000 | S41: 1 | T41: 1
A42: 16 | B42: 2025.06.30 | C42: НЭХЭМЖЛЭХ №12 | D42: Монголкореа сторе | E42: 5906261 | F42: 0 | G42: 160000 | H42: 85000 | I42: 48000 | J42: 20000 | K42: 12000 | L42: 10 | M42: 20 | N42: 30 | O42: 30 | Q42: =+L42*G42+M42*H42+N42*I42+O42*J42+P42*K42 -> 5340000 | R42: 5340000 | S42: 1 | T42: 1
A43: 17 | B43: 2025.07.08 | C43: НЭХЭМЖЛЭХ №13 | D43: Эко Грийн Энержи | E43: 5734258 | F43: 0 | G43: 160000 | H43: 85000 | I43: 48000 | J43: 20000 | K43: 12000 | N43: 50 | O43: 50 | Q43: =+L43*G43+M43*H43+N43*I43+O43*J43+P43*K43 -> 3400000 | R43: 3400000 | S43: 1 | T43: 1 | U43: Lee dans
A44: 18 | B44: 2025.07.24 | C44: НЭХЭМЖЛЭХ №14 | D44: Арвин бүрэн | E44: 5344476 | F44: 0 | G44: 160000 | H44: 85000 | I44: 48000 | J44: 20000 | K44: 12000 | N44: 20 | O44: 15 | Q44: =+L44*G44+M44*H44+N44*I44+O44*J44+P44*K44 -> 1260000
A45: 19 | B45: 2025.07.25 | C45: НЭХЭМЖЛЭХ №15 | D45: Монголкореа сторе | E45: 5906261 | F45: 0 | G45: 160000 | H45: 85000 | I45: 48000 | J45: 20000 | K45: 12000 | L45: 20 | M45: 30 | N45: 50 | O45: 50 | Q45: =+L45*G45+M45*H45+N45*I45+O45*J45+P45*K45 -> 9150000 | R45: 9150000 | S45: 1 | T45: 1
A46: 20 | B46: 2025.07.25 | C46: НЭХЭМЖЛЭХ №16 | D46: Мэлз дэлгэрэх Хайрхан | E46: 4557875 | G46: 160000 | H46: 85000 | I46: 48000 | J46: 20000 | K46: 12000 | L46: 10 | M46: 20 | N46: 60 | O46: 80 | Q46: =+L46*G46+M46*H46+N46*I46+O46*J46+P46*K46 -> 7780000 | R46: 2000000
A47: 21 | B47: 2025.08.08 | C47: НЭХЭМЖЛЭХ №17 | D47: Монголкореа сторе | E47: 5906261 | G47: 160000 | H47: 85000 | I47: 48000 | J47: 20000 | K47: 12000 | L47: 20 | M47: 30 | N47: 50 | O47: 50 | Q47: =+L47*G47+M47*H47+N47*I47+O47*J47+P47*K47 -> 9150000 | R47: 9150000 | S47: 1 | T47: 1
A48: 22 | B48: 2025.08.25 | C48: НЭХЭМЖЛЭХ №18 | D48: Монголкореа сторе | E48: 5906261 | G48: 160000 | H48: 85000 | I48: 48000 | J48: 20000 | K48: 12000 | L48: 20 | M48: 30 | N48: 50 | O48: 100 | Q48: =+L48*G48+M48*H48+N48*I48+O48*J48+P48*K48 -> 10150000 | R48: 10150000 | S48: 1 | T48: 1
A49: 23 | B49: 2025.09.15 | C49: НЭХЭМЖЛЭХ №19 | D49: СӨҮЛ | E49: 2073854 | G49: 121000 | H49: 85000 | I49: 48000 | J49: 20000 | K49: 12000 | L49: 200 | Q49: =+L49*G49+M49*H49+N49*I49+O49*J49+P49*K49 -> 24200000 | R49: 24200000 | S49: 1 | T49: 1
A50: 24 | B50: 2025.09.19 | C50: НЭХЭМЖЛЭХ №20 | D50: Монголкореа сторе | E50: 5906261 | G50: 160000 | H50: 85000 | I50: 48000 | J50: 20000 | K50: 12000 | M50: 30 | N50: 50 | O50: 100 | Q50: =+L50*G50+M50*H50+N50*I50+O50*J50+P50*K50 -> 6950000 | R50: 6950000 | S50: 1 | T50: 1
A51: 25 | B51: 2025.10.06 | C51: НЭХЭМЖЛЭХ №21 | D51: Монголкореа сторе | E51: 5906261 | G51: 160000 | H51: 85000 | I51: 48000 | J51: 20000 | K51: 12000 | M51: 50 | N51: 50 | O51: 50 | Q51: =+L51*G51+M51*H51+N51*I51+O51*J51+P51*K51 -> 7650000 | R51: 7650000 | S51: 1 | T51: 1
A52: 26 | B52: 2025.10.17 | C52: НЭХЭМЖЛЭХ №22 | D52: Монголкореа сторе | E52: 5906261 | G52: 160000 | H52: 85000 | I52: 48000 | J52: 20000 | K52: 12000 | M52: 20 | N52: 50 | O52: 100 | Q52: =+L52*G52+M52*H52+N52*I52+O52*J52+P52*K52 -> 6100000 | R52: 6100000 | S52: 1 | T52: 1
A53: 27 | B53: 2025.10.29 | C53: НЭХЭМЖЛЭХ №23 | D53: Премиум Нэксус ХК | E53: 6155804 | G53: 160000 | H53: 85000 | I53: 48000 | J53: 20000 | K53: 12000 | P53: 500 | Q53: =+L53*G53+M53*H53+N53*I53+O53*J53+P53*K53 -> 6000000 | S53: 1 | T53: 1
A54: 28 | B54: 2025.10.31 | C54: НЭХЭМЖЛЭХ №24 | D54: Премиум Нэксус ХК | E54: 6155804 | G54: 160000 | H54: 85000 | I54: 48000 | J54: 20000 | K54: 12000 | P54: 300 | Q54: =+L54*G54+M54*H54+N54*I54+O54*J54+P54*K54 -> 3600000 | R54: 8160000 | S54: 1 | T54: 1
A55: 29 | B55: 2025.10.31 | C55: НЭХЭМЖЛЭХ №25 | D55: Эрхэт Халласан ХХК | E55: 8375763 | G55: 160000 | H55: 85000 | I55: 48000 | J55: 20000 | K55: 12000 | M55: 300 | N55: 150 | Q55: =+L55*G55+M55*H55+N55*I55+O55*J55+P55*K55 -> 32700000
A56: 30 | B56: 2025.11.05 | C56: НЭХЭМЖЛЭХ №26 | D56: Монголкореа сторе | E56: 5906261 | G56: 160000 | H56: 85000 | I56: 48000 | J56: 20000 | K56: 12000 | M56: 30 | N56: 50 | Q56: =+L56*G56+M56*H56+N56*I56+O56*J56+P56*K56 -> 4950000 | R56: 4950000 | S56: 1 | T56: 1
A57: 31 | B57: 2025.11.06 | C57: НЭХЭМЖЛЭХ №27 | D57: Премиум Нэксус ХК | E57: 6155804 | G57: 160000 | H57: 85000 | I57: 48000 | J57: 20000 | K57: 12000 | P57: 300 | Q57: =+L57*G57+M57*H57+N57*I57+O57*J57+P57*K57 -> 3600000
A58: 32 | B58: 2025.11.19 | C58: НЭХЭМЖЛЭХ №28 | D58: Премиум Нэксус ХК | E58: 6155804 | G58: 160000 | H58: 85000 | I58: 48000 | J58: 20000 | K58: 12000 | P58: 400 | Q58: =+L58*G58+M58*H58+N58*I58+O58*J58+P58*K58 -> 4800000
A59: 33 | B59: 2025.11.20 | C59: НЭХЭМЖЛЭХ №29 | D59: Премиум Нэксус ХК | E59: 6155804 | G59: 160000 | H59: 85000 | I59: 48000 | J59: 20000 | K59: 12000 | P59: 100 | Q59: =+L59*G59+M59*H59+N59*I59+O59*J59+P59*K59 -> 1200000
A60: 34 | B60: 2025.11.20 | C60: НЭХЭМЖЛЭХ №30 | D60: Монголкореа сторе | E60: 5906261 | G60: 160000 | H60: 85000 | I60: 48000 | J60: 20000 | K60: 12000 | M60: 10 | N60: 30 | O60: 50 | Q60: =+L60*G60+M60*H60+N60*I60+O60*J60+P60*K60 -> 3290000 | R60: 3290000 | S60: 1 | T60: 1
A61: 35 | B61: 2025.11.25 | C61: НЭХЭМЖЛЭХ №31 | D61: Премиум Нэксус ХК | E61: 6155804 | G61: 160000 | H61: 85000 | I61: 48000 | J61: 20000 | K61: 12000 | P61: 60 | Q61: =+L61*G61+M61*H61+N61*I61+O61*J61+P61*K61 -> 720000
A62: 36 | B62: 2025.11.28 | C62: НЭХЭМЖЛЭХ №32 | D62: Премиум Нэксус ХК | E62: 6155804 | G62: 160000 | H62: 85000 | I62: 48000 | J62: 20000 | K62: 12000 | P62: 300 | Q62: =+L62*G62+M62*H62+N62*I62+O62*J62+P62*K62 -> 3600000 | R62: 9048000 | S62: 1 | T62: 1
A63: 37 | B63: 2025.12.03 | C63: НЭХЭМЖЛЭХ №33 | D63: Монголкореа сторе | E63: 5906261 | G63: 160000 | H63: 85000 | I63: 48000 | J63: 20000 | M63: 30 | N63: 50 | O63: 50 | Q63: =+L63*G63+M63*H63+N63*I63+O63*J63+P63*K63 -> 5950000 | R63: 5950000
A64: 38 | B64: 2025.12.22 | C64: НЭХЭМЖЛЭХ №34 | D64: Монголкореа сторе | E64: 5906261 | G64: 160000 | H64: 85000 | I64: 48000 | J64: 20000 | M64: 30 | N64: 50 | O64: 50 | Q64: =+L64*G64+M64*H64+N64*I64+O64*J64+P64*K64 -> 5950000
A65: 39 | B65: 2025.12.22 | C65: НЭХЭМЖЛЭХ №35 | D65: Манува интернэшнл | E65: 7151713 | G65: 160000 | H65: 85000 | I65: 48000 | J65: 20000 | M65: 100 | Q65: =+L65*G65+M65*H65+N65*I65+O65*J65+P65*K65 -> 8500000 | R65: 8500000 | S65: 1 | T65: 1 | V65: 5кг*100 TV9
A66: 40 | D66: Аз фүүд сис | G66: 160000 | H66: 85000 | I66: 48000 | J66: 20000 | K66: 12273 | L66: 16 | M66: 2 | P66: 11 | Q66: =+L66*G66+M66*H66+N66*I66+O66*J66+P66*K66 -> 2865003
A67: 41 | D67: СӨҮЛ | G67: 160000 | H67: 85000 | I67: 48000 | J67: 20000 | K67: 12000 | L67: 11 | Q67: =+L67*G67+M67*H67+N67*I67+O67*J67+P67*K67 -> 1760000
A68: 41 | G68: 160000 | H68: 85000 | I68: 48000 | J68: 20000 | K68: 12000
A69: НИЙТ: | L69: =SUM(L13:L68) -> 1257 | M69: =SUM(M13:M68) -> 850 | N69: =SUM(N13:N68) -> 1085 | O69: =SUM(O13:O68) -> 850 | P69: =SUM(P13:P68) -> 2071 | Q69: =SUM(Q13:Q68) -> 330397503 | R69: =SUM(R13:R68) -> 274575500 | S69: 11 | T69: 0.76035502
G70: =2865000/G68 -> 17.90625 | H70: =2865000/H68 -> 33.705882 | I70: =2865000/I68 -> 59.6875 | J70: =2865000/J68 -> 143.25 | K70: =2865000/K68 -> 238.75 | Q70: =2865000-Q66 -> -3
L71: =135000/11 -> 12272.727 | Q71: =+Q69-Bor!H19 -> 60367503
Q72: =SUM(Q31:Q37)+Q41+Q17 -> 3930000 | R72: УОО
Q73: =+Q55 -> 32700000 | R73: Мөнгө нь орохоор шивнэ
Q77: =1155-1120 -> 35

Sheet Vat
B1: ЖИДАКС ХХК | H1: НӨАТЫН ТАЙЛАНГИЙН НЭТГЭЛ | L1: 2025 он
A2: Д/д | B2: Огноо | C2: НӨАТ-тэй борлуулалт | D2: НӨАТ-гүй борлуулалт | E2: Татварт төлөх дүн | F2: ҮХ-н худалдан авалт | G2: Дотоот худалдан авалтын дүн | H2: Импортын худ/авалт | I2: Нийт худалдан авалтын дүн | J2: Хасагдахгүй НӨАТ | K2: Тат-с буцаан авах НӨАТ | L2: Тухайн сарын НОГДОЛ | M2: Үлдэгдэл | N2: Төлсөн | R2: төлөх | S2: буцаан
G3: Эхний үлдэгдэл | M3: -2611487.1 | S3: 2611487.1
A4: 1 | B4: 2025.01 | C4: =SUM(D4:E4) -> 56870000 | D4: 51700000 | E4: =D4*0.1 -> 5170000 | G4: 9321866.9 | H4: 221130000 | I4: =SUM(F4:H4) -> 2.3045187e+08 | K4: =(I4*0.1)-J4 -> 23045187 | L4: =E4-K4 -> -17875187 | M4: =M3+L4 -> -20486674 | O4: =+K4-'[8]jurnal 06.30'!F8 -> 14550394 | P4: =+E4-'[8]jurnal 06.30'!T5 -> -4080000 | Q4: =+H4/D4 -> 4.277176 | S4: 17875187 | T4: =+H4*0.1 -> 22113000 | U4: 2025.01
A5: 2 | B5: 2025.02 | C5: =SUM(D5:E5) -> 0 | E5: =D5*0.1 -> 0 | G5: 510000 | I5: =SUM(F5:H5) -> 510000 | K5: =(I5*0.1)-J5 -> 51000 | L5: =E5-K5 -> -51000 | M5: =M4+L5 -> -20537674 | O5: =+K5-'[8]jurnal 06.30'!F9 -> -7557798.5 | P5: =+E5-'[8]jurnal 06.30'!T6 -> -7090909.1 | Q5: =+H5/D5 -> #DIV/0! | S5: 51000 | T5: =+H5*0.1 -> 0 | U5: 2025.02
A6: 3 | B6: 2025.03 | C6: =SUM(D6:E6) -> 11020000 | D6: 10018182 | E6: =D6*0.1 -> 1001818.2 | G6: 3848727.3 | H6: 190722000 | I6: =SUM(F6:H6) -> 1.9457073e+08 | J6: 48490.9 | K6: =(I6*0.1)-J6 -> 19408582 | L6: =E6-K6 -> -18406764 | M6: =M5+L6 -> -38944437 | O6: =+K6-'[8]jurnal 06.30'!F10 -> 11361744 | P6: =+E6-'[8]jurnal 06.30'!T7 -> -7816363.6 | Q6: =+H6/D6 -> 19.037586 | S6: 18406764 | T6: =+H6*0.1 -> 19072200 | U6: 2025.03
A7: 4 | B7: 2025.04 | C7: =SUM(D7:E7) -> 34131500 | D7: 31028636 | E7: =D7*0.1 -> 3102863.6 | G7: 563483.64 | H7: 31655889 | I7: =SUM(F7:H7) -> 32219373 | K7: =(I7*0.1)-J7 -> 3221937.3 | L7: =E7-K7 -> -119073.62 | M7: =M6+L7 -> -39063511 | O7: =+K7-'[8]jurnal 06.30'!F11 -> -3779136.1 | P7: =+E7-'[8]jurnal 06.30'!T8 -> -3806227.3 | Q7: =+H7/D7 -> 1.0202153 | S7: 119073.62 | T7: =+H7*0.1 -> 3165588.9 | U7: 2025.04
A8: 5 | B8: 2025.05 | C8: =SUM(D8:E8) -> 1970000 | D8: 1790909.1 | E8: =D8*0.1 -> 179090.91 | G8: 201000 | I8: =SUM(F8:H8) -> 201000 | K8: =(I8*0.1)-J8 -> 20100 | L8: =E8-K8 -> 158990.91 | M8: =M7+L8 -> -38904520 | O8: =+K8-'[8]jurnal 06.30'!F12 -> -10006109 | P8: =+E8-'[8]jurnal 06.30'!T9 -> 179090.91 | R8: 158990.91 | T8: =+H8*0.1 -> 0 | U8: 2025.05
A9: 6 | B9: 2025.06 | C9: =SUM(D9:E9) -> 31926000 | D9: 29023636 | E9: =D9*0.1 -> 2902363.6 | I9: =SUM(F9:H9) -> 0 | K9: =(I9*0.1)-J9 -> 0 | L9: =E9-K9 -> 2902363.6 | M9: =M8+L9 -> -36002157 | O9: =+K9-'[8]jurnal 06.30'!F13 -> -7093655.2 | P9: =+E9-'[8]jurnal 06.30'!T10 -> -15235091 | Q9: =+H9/D9 -> 0 | R9: 2902363.6 | T9: =+H9*0.1 -> 0 | U9: 2025.06
A10: 7 | B10: 2025.07 | C10: =SUM(D10:E10) -> 0 | E10: =D10*0.1 -> 0 | G10: 1709090.9 | I10: =SUM(F10:H10) -> 1709090.9 | K10: =(I10*0.1)-J10 -> 170909.09 | L10: =E10-K10 -> -170909.09 | M10: =M9+L10 -> -36173066 | P10: =+E10-'[8]jurnal 06.30'!T11 -> -22768182 | Q10: =+H10/D10 -> #DIV/0! | S10: 170909.09 | T10: =+H10*0.1 -> 0 | U10: 2025.07
A11: 8 | B11: 2025.08 | C11: =SUM(D11:E11) -> 2865000 | D11: 2604545.5 | E11: =D11*0.1 -> 260454.55 | G11: 320331.82 | H11: 21573187 | I11: =SUM(F11:H11) -> 21893519 | K11: =(I11*0.1)-J11 -> 2189351.9 | L11: =E11-K11 -> -1928897.4 | M11: =M10+L11 -> -38101963 | O11: =+K11-'[8]jurnal 06.30'!F15 -> #REF! | P11: =+E11-'[8]jurnal 06.30'!T12 -> #REF! | Q11: =+H11/D11 -> 8.2828992 | S11: 1928897.4 | T11: =+H11*0.1 -> 2157318.7 | U11: 2025.08
A12: 9 | B12: 2025.09 | C12: =SUM(D12:E12) -> 84417500 | D12: 76743182 | E12: =D12*0.1 -> 7674318.2 | G12: 5116318.2 | I12: =SUM(F12:H12) -> 5116318.2 | K12: =(I12*0.1)-J12 -> 511631.82 | L12: =E12-K12 -> 7162686.4 | M12: =M11+L12 -> -30939277 | O12: =+K12-'[8]jurnal 06.30'!F16 -> #REF! | P12: =+E12-'[8]jurnal 06.30'!T13 -> #REF! | Q12: =+H12/D12 -> 0 | R12: 7162686.4 | T12: =+H12*0.1 -> 0 | U12: 2025.09
A13: 10 | B13: 2025.1 | C13: =SUM(D13:E13) -> 16300000 | D13: 14818182 | E13: =D13*0.1 -> 1481818.2 | G13: 4020272.7 | I13: =SUM(F13:H13) -> 4020272.7 | K13: =(I13*0.1)-J13 -> 402027.27 | L13: =E13-K13 -> 1079790.9 | M13: =M12+L13 -> -29859486 | O13: =+G13*1.5 -> 6030409.1 | P13: =+E13-'[8]jurnal 06.30'!T14 -> #REF! | Q13: =+G13/D13 -> 0.27130675 | R13: 1079790.9 | T13: =+H13*0.1 -> 0 | U13: 2025.1
A14: 11 | B14: 2025.11 | C14: =SUM(D14:E14) -> 11832000 | D14: 10756364 | E14: =D14*0.1 -> 1075636.4 | G14: 2839400 | H14: 3992553.6 | I14: =SUM(F14:H14) -> 6831953.6 | K14: =(I14*0.1)-J14 -> 683195.36 | L14: =E14-K14 -> 392441 | M14: =M13+L14 -> -29467045 | O14: =+K14-'[8]jurnal 06.30'!F18 -> #REF! | P14: =+E14-'[8]jurnal 06.30'!T15 -> #REF! | Q14: =+H14/D14 -> 0.37118061 | R14: 392441 | T14: =+H14*0.1 -> 399255.36 | U14: 2025.11
A15: 12 | B15: 2025.12 | C15: =SUM(D15:E15) -> 38690000 | D15: 35172727 | E15: =D15*0.1 -> 3517272.7 | G15: 4330909.1 | I15: =SUM(F15:H15) -> 4330909.1 | K15: =(I15*0.1)-J15 -> 433090.91 | L15: =E15-K15 -> 3084181.8 | M15: =M14+L15 -> -26382863 | Q15: =+H15/D15 -> 0 | R15: 3084181.8
A16: Дүн | C16: =SUM(C4:C15) -> 2.90022e+08 | D16: =SUM(D4:D15) -> 2.6365636e+08 | E16: =SUM(E4:E15) -> 26365636 | G16: =SUM(G4:G15) -> 32781401 | H16: =SUM(H4:H15) -> 4.6907363e+08 | I16: =SUM(I4:I15) -> 5.0185503e+08 | J16: =SUM(J4:J15) -> 48490.9 | K16: =SUM(K4:K15) -> 50137012 | L16: =SUM(L3:L15) -> -23771376 | M16: 26,382,862.90 | N16: =SUM(N4:N15) -> 0 | R16: =SUM(R4:R15) -> 14780455 | S16: =SUM(S4:S15) -> 38551830
C17: 251332000 | D17: =+D16-'Guilgee balans'!G39 -> 0 | H17: =+H16*0.1 -> 46907363 | R17: =+S16-R16 -> 23771376 | S17: =+S3+S16 -> 41163318
H18: =+H17-Gaali!K16 -> 46907363 | M18: =M15+S18 -> -0.0030000024 | S18: =+S17-R16 -> 26382863
A27: Д/д | B27: Огноо | C27: НӨАТ-тэй борлуулалт | D27: НӨАТ-гүй борлуулалт | E27: Татварт төлөх дүн | G27: Дотоот худалдан авалтын дүн | H27: Импортын худ/авалт | I27: Нийт худалдан авалтын дүн | J27: Чөлөөлөгдөх нөат | K27: Тат-с буцаан авах НӨАТ | M27: Үлдэгдэл | N27: Төлсөн
A28: Эхний үлдэгдэл | M28: -882100.59
A29: 1 | B29: 2020.01 | C29: 101750000 | D29: 92500000 | E29: 9250000 | G29: 24347031 | H29: 62531930 | I29: 86878961 | J29: 1931030.8 | K29: 8494793 | M29: -126893.62 | O29: 0 | P29: 0 | Q29: 0.67602086
A30: 2 | B30: 2020.02 | C30: 78000000 | D30: 70909091 | E30: 7090909.1 | G30: 8994188.2 | H30: 67093797 | I30: 76087985 | K30: 7608798.5 | M30: -644783.03 | O30: 0 | P30: 0 | Q30: 0.94619457
A31: 3 | B31: 2020.03 | C31: 97000000 | D31: 88181818 | E31: 8818181.8 | G31: 4681829.1 | H31: 75861462 | I31: 80543291 | J31: 74909 | K31: 8046838.2 | M31: -0.002054091 | N31: 126560.6 | O31: 0.0089999987 | P31: 0 | Q31: 0.86028462
A32: 4 | B32: 2020.04 | C32: 76000000 | D32: 69090909 | E32: 6909090.9 | G32: 15388235 | H32: 55168843 | I32: 70557078 | J32: 546344.57 | K32: 7001073.3 | M32: -91982.41 | O32: 0 | P32: 0 | Q32: 0.79849641
A33: 5 | B33: 2020.05 | D33: 0 | E33: 0 | G33: 11857551 | H33: 88404536 | I33: 1.0026209e+08 | K33: 10026209 | M33: -10118191 | O33: 0 | P33: 0
A34: 6 | B34: 2020.06 | C34: 199512000 | D34: 1.8137455e+08 | E34: 18137455 | G34: 4783749.1 | H34: 66152803 | I34: 70936552 | K34: 7093655.2 | M34: 925608.32 | O34: 0 | P34: 0 | Q34: 0.36473036
A35: 7 | B35: 2020.07 | C35: 250450000 | D35: 2.2768182e+08 | E35: 22768182 | G35: 5718894.5 | H35: 10743642 | I35: 16462536 | J35: 48499.09 | K35: 1641403.7 | M35: 22052386 | P35: 0 | Q35: 0.047187087
A36: 8 | B36: 2020.08 | C36: 150000000 | D36: 1.3636364e+08 | E36: 13636364 | G36: 7267493.6 | H36: 84001035 | I36: 91268528 | J36: 426090.89 | K36: 9084243.7 | M36: 26604506 | O36: 9084243.7 | P36: 13636364 | Q36: 0.61600759
A37: 9 | B37: 2020.09 | C37: 145000000 | D37: 1.3181818e+08 | E37: 13181818 | G37: 9063325.4 | H37: 1.0685894e+08 | I37: 1.1592226e+08 | J37: 948000 | K37: 11497426 | M37: 28288898 | O37: 11497426 | P37: 13181818 | Q37: 0.81065401
A38: 10 | B38: 2020.1 | C38: 95000000 | D38: 86363636 | E38: 8636363.6 | G38: 11716989 | H38: 73916829 | I38: 85633818 | K38: 8563381.8 | M38: 28361880 | O38: 1.1087524e+08 | P38: 8636363.6 | Q38: 0.85587908
A39: 11 | B39: 2020.11 | C39: 87500000 | D39: 79545455 | E39: 7954545.5 | G39: 8787005.4 | H39: 71964673 | I39: 80751678 | K39: 8075167.8 | M39: 28241258 | O39: 8075167.8 | P39: 7954545.5 | Q39: 0.90469874
A40: 12 | B40: 2020.12 | C40: 100000000 | D40: 90909091 | E40: 9090909.1 | G40: 36139302 | H40: 81423402 | I40: 1.175627e+08 | J40: 17820335 | K40: 9974237 | M40: 27357930 | Q40: 0.89565743
A41: Дүн | C41: 1380212000 | D41: 1.2547382e+09 | E41: 1.2547382e+08 | G41: 1.4874559e+08 | H41: 8.4412189e+08 | I41: 9.9286748e+08 | J41: 21795209 | K41: 97107227 | M41: -5.9662852e-09 | N41: 126560.6

Sheet Salary
A2: Сар | B2: Нэрс | C2: ЦАЛИН С | D2: НДШ | E2: НДШ хассаны | F2: ХХОАТ | G2: Хөнгөлөлт | H2: НД АО | I2: НИЙТ НДШ
A3: 1 | B3: Лии | C3: 660000 | D3: =C3*0.105 -> 69300 | E3: =C3-D3 -> 590700 | F3: =E3*0.1 -> 59070 | G3: =VLOOKUP(E3,$N$43:$P$49,3) -> 18000 | H3: =C3*0.105 -> 69300 | I3: =+D3+H3 -> 138600 | K3: =+C3-D3-F3+G3 -> 549630 | M3: =+K3-L3 -> 549630 | N3: 1 | O3: 1292475 | P3: 1899845.4 | Q3: 1113795.1 | R3: 718344.07 | S3: 718344 | T3: 718344 | U3: 718344 | V3: 687112 | W3: 718344
B4: Булгамаа | C4: 2045744 | D4: =C4*0.093 -> 190254.19 | E4: =C4-D4 -> 1855489.8 | H4: =+C4*0.1 -> 204574.4 | I4: =+D4+H4 -> 394828.59 | K4: =+C4-D4-F4+G4 -> 1855489.8 | L4: =675000+1180490.42 -> 1855490.4 | M4: =+K4-L4 -> -0.612
C5: =SUM(C3:C4) -> 2705744 | D5: =SUM(D3:D4) -> 259554.19 | E5: =SUM(E3:E4) -> 2446189.8 | F5: =SUM(F3:F4) -> 59070 | G5: =SUM(G3:G4) -> 18000 | H5: =SUM(H3:H4) -> 273874.4 | I5: =SUM(I3:I4) -> 533428.59 | K5: =+C5-D5-F5+G5 -> 2405119.8 | O5: 1156425
A6: 2 | B6: Лии | C6: 660000 | D6: =C6*0.105 -> 69300 | E6: =C6-D6 -> 590700 | F6: =E6*0.1 -> 59070 | G6: =VLOOKUP(E6,$N$43:$P$49,3) -> 18000 | H6: =C6*0.105 -> 69300 | I6: =+D6+H6 -> 138600 | K6: =+C6-D6-F6+G6 -> 549630 | M6: =+K6-L6 -> 549630 | N6: 2
B7: Булгамаа | C7: 1275000 | D7: =C7*0.093 -> 118575 | E7: =C7-D7 -> 1156425 | H7: =+C7*0.1 -> 127500 | I7: =+D7+H7 -> 246075 | K7: =+C7-D7-F7+G7 -> 1156425 | L7: 1156425 | M7: =+K7-L7 -> 0
C8: =SUM(C6:C7) -> 1935000 | D8: =SUM(D6:D7) -> 187875 | E8: =SUM(E6:E7) -> 1747125 | F8: =SUM(F6:F7) -> 59070 | G8: =SUM(G6:G7) -> 18000 | H8: =SUM(H6:H7) -> 196800 | I8: =SUM(I6:I7) -> 384675 | K8: =+C8-D8-F8+G8 -> 1706055
A9: 3 | B9: Лии | C9: 660000 | D9: =+C9*0.105 -> 69300 | E9: =C9-D9 -> 590700 | F9: =E9*0.1 -> 59070 | G9: =VLOOKUP(E9,$N$43:$P$49,3) -> 18000 | H9: =C9*0.105 -> 69300 | I9: =+D9+H9 -> 138600 | K9: =+C9-D9-F9+G9 -> 549630 | M9: =+K9-L9 -> 549630 | N9: 3
B10: Булгамаа | C10: 1425000 | D10: =+C10*0.093 -> 132525 | E10: =C10-D10 -> 1292475 | H10: =+C10*0.1 -> 142500 | I10: =+D10+H10 -> 275025 | K10: =+C10-D10-F10+G10 -> 1292475 | L10: 1292475 | M10: =+K10-L10 -> 0
C11: =SUM(C9:C10) -> 2085000 | D11: =SUM(D9:D10) -> 201825 | E11: =SUM(E9:E10) -> 1883175 | F11: =SUM(F9:F10) -> 59070 | G11: =SUM(G9:G10) -> 18000 | H11: =SUM(H9:H10) -> 211800 | I11: =SUM(I9:I10) -> 413625 | J11: =+I11+I8+I5 -> 1331728.6 | K11: =+C11-D11-F11+G11 -> 1842105
A12: 4 | B12: Лии | C12: 792000 | D12: =+C12*0.105 -> 83160 | E12: =C12-D12 -> 708840 | F12: =E12*0.1 -> 70884 | G12: =VLOOKUP(E12,$N$43:$P$49,3) -> 18000 | H12: =C12*0.105 -> 83160 | I12: =+D12+H12 -> 166320 | K12: =+C12-D12-F12+G12 -> 655956 | M12: =+K12-L12 -> 655956 | N12: 4
B13: Булгамаа | C13: 1500000 | D13: =+C13*0.093 -> 139500 | E13: =C13-D13 -> 1360500 | H13: =+C13*0.1 -> 150000 | I13: =+D13+H13 -> 289500 | K13: =+C13-D13-F13+G13 -> 1360500 | L13: 1360500 | M13: =+K13-L13 -> 0
B14: Ариунаа | C14: 654545.45 | D14: =+C14*0.115 -> 75272.727 | E14: =C14-D14 -> 579272.72 | F14: =E14*0.1 -> 57927.272 | G14: =VLOOKUP(E14,$N$43:$P$49,3) -> 18000 | H14: =C14*0.125 -> 81818.181 | I14: =+D14+H14 -> 157090.91 | J14: =+D14-F14 -> 17345.454 | K14: =+C14-D14-F14+G14 -> 539345.45 | L14: 539345.5 | M14: =+K14-L14 -> -0.049075
C15: =SUM(C12:C14) -> 2946545.5 | D15: =SUM(D12:D14) -> 297932.73 | E15: =SUM(E12:E14) -> 2648612.7 | F15: =SUM(F12:F14) -> 128811.27 | G15: =SUM(G12:G14) -> 36000 | H15: =SUM(H12:H14) -> 314978.18 | I15: =SUM(I12:I14) -> 612910.91 | K15: =+C15-D15-F15+G15 -> 2555801.5
A16: 5 | B16: Булгамаа | C16: 1227999 | D16: =+C16*0.093 -> 114203.91 | E16: =C16-D16 -> 1113795.1 | H16: =+C16*0.1 -> 122799.9 | I16: =+D16+H16 -> 237003.81 | K16: =+C16-D16-F16+G16 -> 1113795.1 | L16: 1113795.1 | M16: =+K16-L16 -> 0.023
B17: Лии | C17: 792000 | D17: =+C17*0.105 -> 83160 | E17: =C17-D17 -> 708840 | F17: =E17*0.1 -> 70884 | G17: =VLOOKUP(E17,$N$43:$P$49,3) -> 18000 | H17: =C17*0.105 -> 83160 | I17: =+D17+H17 -> 166320 | J17: 403324 | K17: =+C17-D17-F17+G17 -> 655956 | M17: =+K17-L17 -> 655956 | N17: 5
C18: =SUM(C16:C17) -> 2019999 | D18: =SUM(D16:D17) -> 197363.91 | E18: =SUM(E16:E17) -> 1822635.1 | F18: =SUM(F16:F17) -> 70884 | G18: =SUM(G16:G17) -> 18000 | H18: =SUM(H16:H17) -> 205959.9 | I18: =SUM(I16:I17) -> 403323.81 | K18: =+C18-D18-F18+G18 -> 1769751.1
A19: 6 | B19: Булгамаа | C19: 792000 | D19: =+C19*0.093 -> 73656 | E19: =C19-D19 -> 718344 | H19: =+C19*0.1 -> 79200 | I19: =+D19+H19 -> 152856 | K19: =+C19-D19-F19+G19 -> 718344 | L19: 718344.07 | M19: =+K19-L19 -> -0.07
B20: Лии | C20: 792000 | D20: =+C20*0.105 -> 83160 | E20: =C20-D20 -> 708840 | F20: =E20*0.1 -> 70884 | G20: =VLOOKUP(E20,$N$43:$P$49,3) -> 18000 | H20: =+C20*0.105 -> 83160 | I20: =+D20+H20 -> 166320 | J20: 319176 | K20: =+C20-D20-F20+G20 -> 655956 | M20: =+K20-L20 -> 655956 | N20: 6
C21: =SUM(C19:C20) -> 1584000 | D21: =SUM(D19:D20) -> 156816 | E21: =SUM(E19:E20) -> 1427184 | F21: =SUM(F19:F20) -> 70884 | G21: =SUM(G19:G20) -> 18000 | H21: =SUM(H19:H20) -> 162360 | I21: =SUM(I19:I20) -> 319176 | K21: =+C21-D21-F21+G21 -> 1374300
A22: 7 | B22: Лии | C22: 792000 | D22: 83160 | E22: =C22-D22 -> 708840 | F22: =E22*0.1 -> 70884 | G22: =VLOOKUP(E22,$N$43:$P$49,3) -> 18000 | H22: =+C22*0.105 -> 83160 | I22: =+D22+H22 -> 166320 | K22: =+C22-D22-F22+G22 -> 655956 | M22: =+K22-L22 -> 655956 | N22: 7
B23: Булгамаа | C23: 792000 | D23: 73656 | E23: =C23-D23 -> 718344 | H23: =+C23*0.1 -> 79200 | I23: =+D23+H23 -> 152856 | K23: =+C23-D23-F23+G23 -> 718344 | L23: 718344 | M23: =+K23-L23 -> 0
C24: =SUM(C22:C23) -> 1584000 | D24: =SUM(D22:D23) -> 156816 | E24: =SUM(E22:E23) -> 1427184 | F24: =SUM(F22:F23) -> 70884 | G24: =SUM(G22:G23) -> 18000 | H24: =SUM(H22:H23) -> 162360 | I24: =SUM(I22:I23) -> 319176 | K24: =+C24-D24-F24+G24 -> 1374300
A25: 8 | B25: Лии | C25: 792000 | D25: 83160 | E25: =C25-D25 -> 708840 | F25: =E25*0.1 -> 70884 | G25: =VLOOKUP(E25,$N$43:$P$49,3) -> 18000 | H25: =+C25*0.105 -> 83160 | I25: =+D25+H25 -> 166320 | K25: =+C25-D25-F25+G25 -> 655956 | M25: =+K25-L25 -> 655956 | N25: 8
B26: Булгамаа | C26: 792000 | D26: 73656 | E26: =C26-D26 -> 718344 | H26: =+C26*0.1 -> 79200 | I26: =+D26+H26 -> 152856 | K26: =+C26-D26-F26+G26 -> 718344 | L26: 718344 | M26: =+K26-L26 -> 0
C27: =SUM(C25:C26) -> 1584000 | D27: =SUM(D25:D26) -> 156816 | E27: =SUM(E25:E26) -> 1427184 | F27: =SUM(F25:F26) -> 70884 | G27: =SUM(G25:G26) -> 18000 | H27: =SUM(H25:H26) -> 162360 | I27: =SUM(I25:I26) -> 319176 | K27: =+C27-D27-F27+G27 -> 1374300
A28: 9 | B28: Лии | C28: 792000 | D28: 83160 | E28: =C28-D28 -> 708840 | F28: =E28*0.1 -> 70884 | G28: =VLOOKUP(E28,$N$43:$P$49,3) -> 18000 | H28: =+C28*0.105 -> 83160 | I28: =+D28+H28 -> 166320 | J28: =+D28/C28 -> 0.105 | K28: =+C28-D28-F28+G28 -> 655956 | M28: =+K28-L28 -> 655956 | N28: 9
B29: Булгамаа | C29: 792000 | D29: 73656 | E29: =C29-D29 -> 718344 | H29: =C29*0.1 -> 79200 | I29: =+D29+H29 -> 152856 | K29: =+C29-D29-F29+G29 -> 718344 | L29: 718344 | M29: =+K29-L29 -> 0
C30: =SUM(C28:C29) -> 1584000 | D30: =SUM(D28:D29) -> 156816 | E30: =SUM(E28:E29) -> 1427184 | F30: =SUM(F28:F29) -> 70884 | G30: =SUM(G28:G29) -> 18000 | H30: =SUM(H28:H29) -> 162360 | I30: =SUM(I28:I29) -> 319176 | K30: =+C30-D30-F30+G30 -> 1374300
A31: 10 | B31: Лии | C31: 792000 | D31: 83160 | E31: =C31-D31 -> 708840 | F31: =E31*0.1 -> 70884 | G31: =VLOOKUP(E31,$N$43:$P$49,3) -> 18000 | H31: =+C31*0.105 -> 83160 | I31: =+D31+H31 -> 166320 | J31: =+D31/C31 -> 0.105 | K31: =+C31-D31-F31+G31 -> 655956 | M31: =+K31-L31 -> 655956 | N31: 10
B32: Булгамаа | C32: 792000 | D32: 73656 | E32: =C32-D32 -> 718344 | H32: =C32*0.1 -> 79200 | I32: =+D32+H32 -> 152856 | K32: =+C32-D32-F32+G32 -> 718344 | L32: 687112 | M32: =+K32-L32 -> 31232 | N32: 10
C33: =SUM(C31:C32) -> 1584000 | D33: =SUM(D31:D32) -> 156816 | E33: =SUM(E31:E32) -> 1427184 | F33: =SUM(F31:F32) -> 70884 | G33: =SUM(G31:G32) -> 18000 | H33: =SUM(H31:H32) -> 162360 | I33: =SUM(I31:I32) -> 319176 | K33: =+C33-D33-F33+G33 -> 1374300
A34: 11 | B34: Лии | C34: 792000 | D34: 83160 | E34: =C34-D34 -> 708840 | F34: =E34*0.1 -> 70884 | G34: =VLOOKUP(E34,$N$43:$P$49,3) -> 18000 | H34: =+C34*0.105 -> 83160 | I34: =+D34+H34 -> 166320 | J34: =+D34/C34 -> 0.105 | K34: =+C34-D34-F34+G34 -> 655956 | M34: =+K34-L34 -> 655956 | N34: 11
B35: Булгамаа | C35: 792000 | D35: 73656 | E35: =C35-D35 -> 718344 | H35: =C35*0.1 -> 79200 | I35: =+D35+H35 -> 152856 | K35: =+C35-D35-F35+G35 -> 718344 | L35: 718344 | M35: =+K35-L35 -> 0
C36: =SUM(C34:C35) -> 1584000 | D36: =SUM(D34:D35) -> 156816 | E36: =SUM(E34:E35) -> 1427184 | F36: =SUM(F34:F35) -> 70884 | G36: =SUM(G34:G35) -> 18000 | H36: =SUM(H34:H35) -> 162360 | I36: =SUM(I34:I35) -> 319176 | K36: =+C36-D36-F36+G36 -> 1374300
A37: 12 | B37: Лии | C37: 792000 | D37: 83160 | E37: =C37-D37 -> 708840 | F37: =E37*0.1 -> 70884 | G37: =VLOOKUP(E37,$N$43:$P$49,3) -> 18000 | H37: =+C37*0.105 -> 83160 | I37: =+D37+H37 -> 166320 | J37: =+D37/C37 -> 0.105 | K37: =+C37-D37-F37+G37 -> 655956 | M37: =+K37-L37 -> 655956 | N37: 12
B38: Булгамаа | C38: 792000 | D38: 73656 | E38: =C38-D38 -> 718344 | H38: =C38*0.1 -> 79200 | I38: =+D38+H38 -> 152856 | K38: =+C38-D38-F38+G38 -> 718344 | L38: 718344 | M38: =+K38-L38 -> 0
C39: =SUM(C37:C38) -> 1584000 | D39: =SUM(D37:D38) -> 156816 | E39: =SUM(E37:E38) -> 1427184 | F39: =SUM(F37:F38) -> 70884 | G39: =SUM(G37:G38) -> 18000 | H39: =SUM(H37:H38) -> 162360 | I39: =SUM(I37:I38) -> 319176 | K39: =+C39-D39-F39+G39 -> 1374300 | L39: =SUM(L4:L38) -> 12315207 | M39: =SUM(M3:M38) -> 7583725.3
C40: =SUM(C39,C36,C33,C30,C27,C24,C21,C18,C15,C11,C8,C5) -> 22780288 | D40: =SUM(D39,D36,D33,D30,D27,D24,D21,D18,D15,D11,D8,D5) -> 2242262.8 | E40: =SUM(E39,E36,E33,E30,E27,E24,E21,E18,E15,E11,E8,E5) -> 20538026 | F40: =SUM(F39,F36,F33,F30,F27,F24,F21,F18,F15,F11,F8,F5) -> 873093.27 | G40: =SUM(G39,G36,G33,G30,G27,G24,G21,G18,G15,G11,G8,G5) -> 234000 | H40: =SUM(H39,H36,H33,H30,H27,H24,H21,H18,H15,H11,H8,H5) -> 2339932.5 | I40: =SUM(I39,I36,I33,I30,I27,I24,I21,I18,I15,I11,I8,I5) -> 4582195.3 | K40: =+G53 -> 19898932 | L40: =+K40-L39 -> 7583725.3
D42: ндш | F42: ххоат | G42: Гарт олгох | H42: ндш-АО | I42: Хөнгөлөлт | J42: Төлөх ХХОАТ
A43: 1 | B43: =+B20 -> Лии | C43: =C3+C6+C9+C12+C17+C20+C22+C25+C28+C31+C34+C37 -> 9108000 | D43: =SUMIF($B$3:$B$38,B43,$D$3:$D$38) -> 956340 | E43: =SUMIF($B$3:$B$38,B43,$E$3:$E$38) -> 8151660 | F43: =SUMIF($B$3:$B$39,B43,$F$3:$F$39) -> 815166 | G43: =C43-D43-J43 -> 7552494 | H43: =C43*0.105 -> 956340 | I43: =SUMIF($B$3:$B$38,B43,$G$3:$G$39) -> 216000 | J43: =F43-I43 -> 599166 | K43: =+N43*12 -> 0 | L43: =+O43*12 -> 6000000 | M43: =+P43*12 -> 240000 | N43: 0 | O43: 500000 | P43: 20000
A44: 2 | B44: =+B14 -> Ариунаа | C44: =C14 -> 654545.45 | D44: =SUMIF($B$3:$B$38,B44,$D$3:$D$38) -> 75272.727 | E44: =SUMIF($B$3:$B$38,B44,$E$3:$E$38) -> 579272.72 | F44: =SUMIF($B$3:$B$39,B44,$F$3:$F$39) -> 57927.272 | G44: =C44-D44-J44 -> 539345.45 | H44: =C44*0.125 -> 81818.181 | I44: =SUMIF($B$3:$B$38,B44,$G$3:$G$39) -> 18000 | J44: =+F44-I44 -> 39927.272 | K44: 6000001 | L44: =+O44*12 -> 12000000 | M44: =+P44*12 -> 216000 | N44: 500001 | O44: 1000000 | P44: 18000
A45: 3 | B45: Булгамаа | C45: =C4+C7+C10+C13+C16+C19+C23+C26+C29+C32+C35+C38 -> 13017743 | D45: =SUMIF($B$3:$B$38,B45,$D$3:$D$38) -> 1210650.1 | E45: =SUMIF($B$3:$B$38,B45,$E$3:$E$38) -> 11807093 | F45: =SUMIF($B$3:$B$39,B45,$F$3:$F$39) -> 0 | G45: =C45-D45-J45 -> 11807093 | H45: =C45*0.1 -> 1301774.3 | I45: =SUMIF($B$3:$B$38,B45,$G$3:$G$39) -> 0 | J45: =+F45-I45 -> 0 | K45: 12000001 | L45: =+O45*12 -> 18000000 | M45: =+P45*12 -> 192000 | N45: 1000001 | O45: 1500000 | P45: 16000
C46: =SUM(C43:C45) -> 22780288 | D46: =SUM(D43:D45) -> 2242262.8 | E46: =SUM(E43:E45) -> 20538026 | F46: =SUM(F43:F45) -> 873093.27 | G46: =SUM(G43:G45) -> 19898932 | H46: =SUM(H43:H45) -> 2339932.5 | I46: =SUM(I43:I45) -> 234000 | J46: =SUM(J43:J45) -> 639093.27 | K46: 18000001 | L46: =+O46*12 -> 24000000 | M46: =+P46*12 -> 168000 | N46: 1500001 | O46: 2000000 | P46: 14000
C47: =+C46-C40 -> 0 | D47: =+D46-D40 -> 0 | E47: =+E46-E40 -> 0 | K47: 24000001 | L47: =+O47*12 -> 30000000 | M47: =+P47*12 -> 144000 | N47: 2000001 | O47: 2500000 | P47: 12000
K48: 30000001 | L48: =+O48*12 -> 36000000 | M48: =+P48*12 -> 120000 | N48: 2500001 | O48: 3000000 | P48: 10000
D49: =+C43-D43 -> 8151660 | E49: =+D49*0.1 -> 815166 | K49: 36000001 | L49: =+O49*12 -> 0 | M49: =+P49*12 -> 0 | N49: 3000001 | O49: 0 | P49: 0
F50: ДТ | G50: КТ
D51: ЭМНДШ-ийн өглөг | G51: =D46+H46 -> 4582195.3
D52: ХХОАТ-ын өглөг ТТ11.1, 11.2 | G52: =+J46 -> 639093.27
D53: Цалингийн өглөг | G53: =+G46 -> 19898932
D54: Цалин, хөдөлмөрийн хөлс, нэмэгдэл хөлс | F54: =+C46 -> 22780288
D55: ЭМНДШ-ийн зардал | F55: =+H46 -> 2339932.5
F56: =SUM(F51:F55) -> 25120221 | G56: =SUM(G51:G55) -> 25120221
G57: =G56-F56 -> 0

Sheet Dot-Hud
A1: ДДТД | B1: Огноо | C1: Харилцагчийн нэр | D1: Харилцагчийн ТТД | E1: НӨАТ | F1: Нийт дүн | G1: Татварын төрөл | H1: Хаанаас үүссэн | I1: Төлөв
A2: 350657080416000260106000001132744 | B2: 2025-12-31 | C2: ЮН КЁН НУ | D2: ЮД57080416 | E2: 180000 | F2: 1980000 | G2: Энгийн | H2: ИБАРИМТ | I2: Илгээгдсэн баримт
A3: 078900836494998094911142910010276 | B3: 2025-12-31 | C3: Худалдаа хөгжлийн банк | D3: 2635534 | E3: 0 | F3: 2000 | G3: Чөлөөлөгдөх | H3: ПОС | I3: Илгээгдсэн баримт
A4: 000006155804000251224000001307668 | B4: 2025-12-24 | C4: Премиум нэксус | D4: 6155804 | E4: 253090.91 | F4: 2784000 | G4: Энгийн | H4: ИБАРИМТ | I4: Илгээгдсэн баримт | J4: =+F4-E4 -> 2530909.1
A5: 350657080416000251207000001489069 | B5: 2025-11-30 | C5: ЮН КЁН НУ | D5: ЮД57080416 | E5: 180000 | F5: 1980000 | G5: Энгийн | H5: ИБАРИМТ | I5: Илгээгдсэн баримт
A6: 078900836494998094600916510010289 | B6: 2025-11-30 | C6: Худалдаа хөгжлийн банк | D6: 2635534 | E6: 0 | F6: 2000 | G6: Чөлөөлөгдөх | H6: ПОС | I6: Илгээгдсэн баримт
A7: 000005033977000251203000001217105 | B7: 2025-11-30 | C7: Юнипресс | D7: 5033977 | E7: 84240 | F7: 926640 | G7: Энгийн | H7: ИБАРИМТ | I7: Илгээгдсэн баримт | J7: =+F7-E7 -> 842400
A8: 000002693321001251201005079565838 | B8: 2025-11-30 | C8: ХААН банк | D8: 2693321 | E8: 0 | F8: 2000 | G8: Чөлөөлөгдөх | H8: ПОС | I8: Илгээгдсэн баримт
A9: 000002075377002251205001000047384 | B9: 2025-11-30 | C9: Голомтбанк | D9: 2075377 | E9: 0 | F9: 1000 | G9: Чөлөөлөгдөх | H9: ПОС | I9: Илгээгдсэн баримт
A10: 000002061759001251119000001740281 | B10: 2025-11-19 | C10: Датаком | D10: 2061759 | E10: 17400 | F10: 191400 | G10: Энгийн | H10: ПОС | I10: Илгээгдсэн баримт
A11: 000002075377002251114001000009949 | B11: 2025-11-14 | C11: Голомтбанк | D11: 2075377 | E11: 0 | F11: 1000 | G11: Чөлөөлөгдөх | H11: ПОС | I11: Илгээгдсэн баримт
A12: 069100219717001094350000710016183 | B12: 2025-11-06 | C12: Нью улаанбаатар интернэйшнл эйрпорт | D12: 3874095 | E12: 2300 | F12: 25300 | G12: Энгийн | H12: ПОС | I12: Илгээгдсэн баримт
A13: 000008270309000251106000001967272 | B13: 2025-10-31 | C13: Зочлох үйлчлэх салбарын сургалт, хөгжлийн төв | D13: 8270309 | E13: 0 | F13: 2900000 | G13: Чөлөөлөгдөх | H13: ИБАРИМТ | I13: Илгээгдсэн баримт
A14: 350657080416000251106000001019722 | B14: 2025-10-31 | C14: ЮН КЁН НУ | D14: ЮД57080416 | E14: 180000 | F14: 1980000 | G14: Энгийн | H14: ИБАРИМТ | I14: Илгээгдсэн баримт
A15: 078900836494998094301334310010292 | B15: 2025-10-31 | C15: Худалдаа хөгжлийн банк | D15: 2635534 | E15: 0 | F15: 7050 | G15: Чөлөөлөгдөх | H15: ПОС | I15: Илгээгдсэн баримт
A16: 000002693321001251101005175974818 | B16: 2025-10-31 | C16: ХААН банк | D16: 2693321 | E16: 0 | F16: 2000 | G16: Чөлөөлөгдөх | H16: ПОС | I16: Илгээгдсэн баримт
A17: 000005502802000251007000801525376 | B17: 2025-10-07 | C17: Ти Ай ложистик | D17: 5502802 | E17: 18181.818 | F17: 200000 | G17: Энгийн | H17: ИБАРИМТ | I17: Илгээгдсэн баримт
A18: 000005502802000251007000801523507 | B18: 2025-10-07 | C18: Ти Ай ложистик | D18: 5502802 | E18: 203845.45 | F18: 2242300 | G18: Энгийн | H18: ИБАРИМТ | I18: Илгээгдсэн баримт
A19: 000002677377300251001003055805520 | B19: 2025-10-01 | C19: Капитронбанк | D19: 2677377 | E19: 0 | F19: 2000.18 | G19: Чөлөөлөгдөх | H19: ПОС | I19: Илгээгдсэн баримт
... A104: 000002677377300250101003055034793 | B104: 2025-01-01 | C104: Капитронбанк | D104: 2677377 | E104: 0 | F104: 1983.87 | G104: Чөлөөлөгдөх | H104: ПОС | I104: Илгээгдсэн баримт
E105: =SUM(E2:E104) -> 3278140 | F105: =SUM(F2:F104) -> 61011500
F106: =+F105-E105 -> 57733360
D565: Ти ай | E565: 952195.45 | F565: 11696670
F566: 10744475

Sheet Bor
G1: Борлуулалт | I1: Данс | J1: Ebarimt | K1: 1 sard UOO | L1: Cash
A2: Signature desings LLC | B2: 2025-01-21 | C2: 18150000 | D2: EB-Сигначэр дизайнз ххк барааны төлбөр | G2: Signature desings LLC | H2: 18150000 | I2: =SUMIF($A$2:$A$43,G2,$C$2:$C$43) -> 18150000 | J2: =SUMIF([1]Sheet2!$B$2:$B$26,[1]BO!J2,[1]Sheet2!$G$2:$G$26) -> 18150000 | K2: =H2-J2 -> 0
A3: СӨҮЛ | B3: 2025-01-22 | C3: 1210000 | D3: seoul food ХААНААС: 320000 JOONHEE AHN | G3: =+A37 -> 102-р сургууль | I3: =SUMIF($A$2:$A$43,G3,$C$2:$C$43) -> 3600000 | J3: =SUMIF([1]Sheet2!$B$2:$B$26,[1]BO!J3,[1]Sheet2!$G$2:$G$26) -> 0 | K3: 3600000
A4: СӨҮЛ | B4: 2025-01-23 | C4: 31460000 | D4: СӨҮЛ ХХК-С KOREAN RICE 20KG-260PACK*121000TG ХААНААС: 040000 СӨҮЛ ХХК | G4: Ирусам ХХК | H4: 6050000 | I4: =SUMIF($A$2:$A$43,G4,$C$2:$C$43) -> 6050000 | J4: =SUMIF([1]Sheet2!$B$2:$B$26,[1]BO!J4,[1]Sheet2!$G$2:$G$26) -> 6050000 | K4: =H4-J4 -> 0 | P4: Дт | Q4: Кт
A5: Ирусам ХХК | B5: 2025-01-25 | C5: 6050000 | D5: 5869072 IROSAM J RESTAURANT | G5: Хангүг Сувон Сэри | H5: 1210000 | I5: =SUMIF($A$2:$A$43,G5,$C$2:$C$43) -> 0 | J5: =SUMIF([1]Sheet2!$B$2:$B$26,[1]BO!J5,[1]Sheet2!$G$2:$G$26) -> 1210000 | K5: =H5-J5 -> 0 | L5: 1210000 | O5: Бор.Авлага | P5: =H19+H27 -> 293550000
A6: Мега | B6: 2025-01-27 | C6: 1210000 | D6: miga 01/27 | F6: 1210000 | G6: =+A6 -> Мега | I6: =SUMIF($A$2:$A$43,G6,$C$2:$C$43) -> 1210000 | J6: =SUMIF([1]Sheet2!$B$2:$B$26,[1]BO!J6,[1]Sheet2!$G$2:$G$26) -> 0 | K6: =F6-J6 -> 1210000 | O6: Бор Орлого | Q6: =290022000/1.1 -> 2.6365636e+08
A7: Монголкореа сторе | B7: 2025-03-11 | C7: 5000000 | D7: EB-МК Нисэх рд5906261 будаа жидакс | G7: Монголкореа сторе | H7: 137930000 | I7: =SUMIF($A$2:$A$43,G7,$C$2:$C$43) -> 131980000 | J7: =SUMIF([1]Sheet2!$B$2:$B$26,[1]BO!J7,[1]Sheet2!$G$2:$G$26) -> 137930000 | K7: =H7-J7 -> 0 | L7: =+H7-I7 -> 5950000 | O7: НӨАТ | Q7: =+Q6*0.1 -> 26365636
A8: Монголкореа сторе | B8: 2025-03-25 | C8: 5000000 | D8: EB-Будааны үнэ рд5906261 монголкореа сторе | G8: Арвин бүрэн | H8: 6130000 | I8: =SUMIF($A$2:$A$43,G8,$C$2:$C$43) -> 4870000 | J8: =SUMIF([1]Sheet2!$B$2:$B$26,[1]BO!J8,[1]Sheet2!$G$2:$G$26) -> 6130000 | K8: =H8-J8 -> 0 | L8: 1260000
A9: Монголкореа сторе | B9: 2025-03-31 | C9: 1020000 | D9: EB-МК нисэх будааны төлбөр рд5906261 | I9: =SUMIF($A$2:$A$43,G9,$C$2:$C$43) -> 0 | J9: =SUMIF([1]Sheet2!$B$2:$B$26,[1]BO!J9,[1]Sheet2!$G$2:$G$26) -> 0 | K9: =H9-J9 -> 0 | O9: БМ | Q9: =BM!M7+BM!Q5 -> 2.0840268e+08
A10: Монголкореа сторе | B10: 2025-04-14 | C10: 10000000 | D10: EB-МК Нисэх будааны үнэ рд5906261 | F10: 2400000 | G10: Хувь хүн | H10: 1245000 | I10: =SUMIF($A$2:$A$43,G10,$C$2:$C$43) -> 1194500 | J10: =SUMIF([1]Sheet2!$B$2:$B$26,[1]BO!J10,[1]Sheet2!$G$2:$G$26) -> 1245000 | K10: =+I10 -> 1194500 | L10: 1245000 | O10: ББӨ | P10: =+BM!Q5 -> 2.0825731e+08
A11: СӨҮЛ | B11: 2025-04-15 | C11: 18150000 | D11: СӨҮЛ-С ХААНААС: 150000 СӨҮЛ ХХК | G11: Солонгос иргэдийн нийгэмлэг | H11: 1200000 | I11: =SUMIF($A$2:$A$43,G11,$C$2:$C$43) -> 1200000 | J11: =SUMIF([1]Sheet2!$B$2:$B$26,[1]BO!J11,[1]Sheet2!$G$2:$G$26) -> 1200000 | K11: =H11-J11 -> 0 | O11: Бүтээгдэхүүн дээж шинж зардал | P11: =+BM!M7 -> 145372.5
A12: Хувь хүн | B12: 2025-04-21 | C12: 160000 | D12: Hurlee-s budaa | F12: 1565000 | G12: Ихнаяд зах 87-р лангуу | I12: =SUMIF($A$2:$A$43,G12,$C$2:$C$43) -> 1565000 | J12: =SUMIF([1]Sheet2!$B$2:$B$26,[1]BO!J12,[1]Sheet2!$G$2:$G$26) -> 0 | K12: =F12-J12 -> 1565000
A13: Хувь хүн | B13: 2025-04-23 | C13: 217500 | D13: Budaa tolbor | G13: Эко Грийн Энержи | H13: 3400000 | I13: =SUMIF($A$2:$A$43,G13,$C$2:$C$43) -> 0 | J13: =SUMIF([1]Sheet2!$B$2:$B$26,[1]BO!J13,[1]Sheet2!$G$2:$G$26) -> 3400000 | K13: =H13-J13 -> 0 | L13: 3400000 | N13: CU bichilt | O13: Бор.Авлага | Q13: 2784000
A14: Монголкореа сторе | B14: 2025-04-30 | C14: 5604000 | D14: EB-МК нисэх рд5906261 жидакс будаа | G14: Мэлз дэлгэрэх Хайрхан | H14: 7780000 | I14: =SUMIF($A$2:$A$43,G14,$C$2:$C$43) -> 4000000 | J14: =SUMIF([1]Sheet2!$B$2:$B$26,[1]BO!J14,[1]Sheet2!$G$2:$G$26) -> 7780000 | K14: =H14-J14 -> 0 | L14: =+H14-I14 -> 3780000 | O14: НӨАТ | P14: =+P15*0.1 -> 253090.91
A15: Арвин бүрэн | B15: 2025-05-13 | C15: 1810000 | D15: Arvin buren 5344476 | G15: СӨҮЛ | H15: =1760000+73810000 -> 75570000 | I15: =SUMIF($A$2:$A$43,G15,$C$2:$C$43) -> 75570000 | J15: =SUMIF([1]Sheet2!$B$2:$B$26,[1]BO!J15,[1]Sheet2!$G$2:$G$26) -> 75570000 | K15: =H15-J15 -> 0 | L15: =+H15-I15 -> 0 | O15: Маркетинг зардал | P15: =2784000/1.1 -> 2530909.1
A16: Хувь хүн | B16: 2025-05-13 | C16: 160000 | D16: budaa | O16: Бор хөнгөлөлт | P16: 3528000
A17: Монголкореа сторе | B17: 2025-05-23 | C17: 6000000 | D17: EB-МК Нисэх рд5906261 будааны төлбөр | G17: Манува интернэшнл | H17: 8500000 | I17: =SUMIF($A$2:$A$43,G17,$C$2:$C$43) -> 8500000 | J17: =SUMIF([1]Sheet2!$B$2:$B$26,[1]BO!J17,[1]Sheet2!$G$2:$G$26) -> 8500000 | K17: =H17-J17 -> 0 | O17: =+O13 -> Бор.Авлага | Q17: 3528000
A18: Хувь хүн | B18: 2025-06-02 | C18: 167000 | D18: XINGSHENG-С ЖИДАКС-Д ХААНААС: 150000 XINGSHENG FANG | G18: Аз фүүд сис | H18: 2865000 | I18: =SUMIF($A$2:$A$43,G18,$C$2:$C$43) -> 2865000 | J18: =SUMIF([1]Sheet2!$B$2:$B$26,[1]BO!J18,[1]Sheet2!$G$2:$G$26) -> 2865000 | K18: =H18-J18 -> 0
A19: Солонгос иргэдийн нийгэмлэг | B19: 2025-06-05 | C19: 1200000 | D19: You Youngsoon | H19: =SUM(H2:H18) -> 270030000 | I19: =SUM(I2:I18) -> 260754500 | J19: =SUM(J2:J18) -> 270030000 | K19: =SUM(K2:K18) -> 7569500 | L19: =SUM(L2:L18) -> 16845000
A20: Монголкореа сторе | B20: 2025-06-16 | C20: 10000000 | D20: EB-МК Нисэх будааны үнэ рд5906261 | I20: =I19-K19 -> 253185000 | O20: Харилцах | P20: =I27+I19 -> 277962500
A21: Монголкореа сторе | B21: 2025-06-27 | C21: 10000000 | D21: EB-МК Нисэх будааны төлбөр рд5906261 | I21: =I20+L19 -> 270030000 | O21: Касс | P21: =+L19 -> 16845000
A22: Ихнаяд зах 87-р лангуу | B22: 2025-06-29 | C22: 1565000 | D22: их наяд 87 | I22: =+H19-I21 -> 0 | O22: Бор.Авлага | Q22: =I27+I20+L19 -> 287238000
A23: Монголкореа сторе | B23: 2025-06-30 | C23: 4726000 | D23: EB-МК Нисэх будаа рд5906261 | O23: УОО | Q23: =+K19 -> 7569500
A24: Монголкореа сторе | B24: 2025-07-31 11:15:14 | C24: 11290000 | D24: EB-МК нисэх рд5906261 жидакс будаа төлбөр 6 сар | O24: =+O20 -> Харилцах
A25: Арвин бүрэн | B25: 2025-07-31 20:30:28 | C25: 3060000 | D25: EB-Arvin buren 5344476 | P25: =SUM(P20:P24) -> 294807500 | Q25: =SUM(Q20:Q24) -> 294807500
A26: Аз фүүд сис | B26: 2025-08-11 16:00:48 | C26: 2865000 | D26: АЗ ФҮҮД СИС ХХК БАРААНЫ ТӨЛБӨР ХААНААС: 150000 АЗ ФҮҮД СИС ХХК | P26: =+P25-Q25 -> 0
A27: Монголкореа сторе | B27: 2025-08-12 15:04:48 | C27: 9150000 | D27: EB-МК Нисэх будаа төлбөр 7/25 рд5906261 | G27: Премиум Нэксус ХК | H27: 23520000 | I27: =+'[1]khan netgel 25.01-12'!Q5 -> 17208000 | J27: =SUMIF([1]Sheet2!$B$2:$B$26,[1]BO!J16,[1]Sheet2!$G$2:$G$26) -> 19992000 | K27: =+H27-J27 -> 3528000
A28: Монголкореа сторе | B28: 2025-08-25 16:52:57 | C28: 9150000 | D28: EB-МК Нисэх рд5906261 жидакс | O28: =+O21 -> Касс | P28: =SUMIF($O$5:$O$24,O28,$P$5:$P$24) -> 16845000 | Q28: =SUMIF($O$5:$O$24,O28,$Q$5:$Q$24) -> 0
A29: СӨҮЛ | B29: 2025-09-16 14:57:16 | C29: 24200000 | D29: СӨҮЛ ХХК-С RISE PRICE 200PACK-121000TG ХААНААС: 040000 СӨҮЛ ХХК | H29: =+H27+H19 -> 293550000 | J29: =J27+J19 -> 290022000 | O29: =+O20 -> Харилцах | P29: =SUMIF($O$5:$O$24,O29,$P$5:$P$24) -> 277962500 | Q29: =SUMIF($O$5:$O$24,O29,$Q$5:$Q$24) -> 0
A30: Монголкореа сторе | B30: 2025-09-22 11:14:42 | C30: 10150000 | D30: EB-МК Нисэх будаа төлбөр рд5906261 монголкореа с | J30: =+H29-J29 -> 3528000 | O30: Бор.Авлага | P30: =SUMIF($O$5:$O$24,O30,$P$5:$P$24) -> 293550000 | Q30: =SUMIF($O$5:$O$24,O30,$Q$5:$Q$24) -> 293550000
A31: Хувь хүн | B31: 2025-10-07 14:03:23 | C31: 490000 | D31: 4 уут будаа | O31: Бор Орлого | P31: =SUMIF($O$5:$O$24,O31,$P$5:$P$24) -> 0 | Q31: =SUMIF($O$5:$O$24,O31,$Q$5:$Q$24) -> 2.6365636e+08
A32: Монголкореа сторе | B32: 2025-10-11 16:37:12 | C32: 6950000 | D32: EB-МК нисэх будаа төлбөр 9/19 жидакс | J32: =+J29/1.1 -> 2.6365636e+08 | O32: НӨАТ | P32: =SUMIF($O$5:$O$24,O32,$P$5:$P$24) -> 253090.91 | Q32: =SUMIF($O$5:$O$24,O32,$Q$5:$Q$24) -> 26365636
A33: Мэлз дэлгэрэх Хайрхан | B33: 2025-10-17 11:47:58 | C33: 2000000 | D33: EB-4557875 so hvns115- jidaks so budaa 8sar bara | J33: =+J32-Vat!D16 -> -0.023636371 | O33: БМ | P33: =SUMIF($O$5:$O$24,O33,$P$5:$P$24) -> 0 | Q33: =SUMIF($O$5:$O$24,O33,$Q$5:$Q$24) -> 2.0840268e+08
A34: Монголкореа сторе | B34: 2025-10-17 15:30:25 | C34: 7650000 | D34: EB-МК Нисэх 10/06 рд5906261 будааны төлбөр | O34: =+O23 -> УОО | Q34: =SUMIF($O$5:$O$24,O34,$Q$5:$Q$24) -> 7569500
A35: Мэлз дэлгэрэх Хайрхан | B35: 2025-10-31 13:46:09 | C35: 1000000 | D35: 4557875 so hvns115- jidaks so budaa | O35: ББӨ | P35: =SUMIF($O$5:$O$24,O35,$P$5:$P$24) -> 2.0825731e+08 | Q35: =SUMIF($O$5:$O$24,O35,$Q$5:$Q$24) -> 0
A36: Монголкореа сторе | B36: 2025-11-20 16:34:53 | C36: 11050000 | D36: EB-МК нисэх будаа 10/17, 11/05 рд5906261 жидакс | O36: Бүтээгдэхүүн дээж шинж зардал | P36: =SUMIF($O$5:$O$24,O36,$P$5:$P$24) -> 145372.5 | Q36: =SUMIF($O$5:$O$24,O36,$Q$5:$Q$24) -> 0
A37: 102-р сургууль | B37: 2025-11-25 21:45:37 | C37: 3600000 | D37: 102-r surguuli anhan shat solongos hel | O37: Маркетинг зардал | P37: =SUMIF($O$5:$O$24,O37,$P$5:$P$24) -> 2530909.1 | Q37: =SUMIF($O$5:$O$24,O37,$Q$5:$Q$24) -> 0
A38: Монголкореа сторе | B38: 2025-12-12 17:45:16 | C38: 3290000 | D38: EB-МК Нисэх будааны төлбөр 11/20 рд5906261 жидкс | O38: Бор хөнгөлөлт | P38: =SUMIF($O$5:$O$24,O38,$P$5:$P$24) -> 3528000 | Q38: =SUMIF($O$5:$O$24,O38,$Q$5:$Q$24) -> 0
A39: СӨҮЛ | B39: 2025-12-17 14:52:10 | C39: 275000 | D39: СӨҮЛ ХХК-C FROZEN PERSIMMON-50EA*5500TG ХААНААС: 040000 СӨҮЛ ХХК | P39: =SUM(P28:P38) -> 8.0307218e+08 | Q39: =SUM(Q28:Q38) -> 7.9954418e+08
A40: Манува интернэшнл | B40: 2025-12-22 13:56:17 | C40: 8500000 | D40: rice | Q40: =+Q39-P39 -> -3528000
A41: Монголкореа сторе | B41: 2025-12-26 12:23:37 | C41: 5950000 | D41: EB-МК Нисэх рд5906261 жидакс 12/03
A42: Мэлз дэлгэрэх Хайрхан | B42: 2025-12-29 12:31:38 | C42: 1000000 | D42: EB-4557875 so hvns 115- so budaa baraa
A43: СӨҮЛ | B43: 2025-12-31 11:13:09 | C43: 275000 | D43: СӨҮЛ ХХК-С FROZEN DONKEY EARS-50EA*5500TG ХААНААС: 040000 СӨҮЛ ХХК
C44: =SUM(C2:C43) -> 260754500
O45: Харилцах
C46: =4810-3600 -> 1210 | O46: Касс
O47: Бор.Авлага
O48: УОО
O49: =+O45 -> Харилцах
O52: =+O47 -> Бор.Авлага
G62: Signature desings LLC | H62: =SUMIF($G$2:$G$52,G62,$H$2:$H$52) -> 18150000
G63: СӨҮЛ | H63: =SUMIF($G$2:$G$52,G63,$H$2:$H$52) -> 75570000
G64: Ирусам ХХК | H64: =SUMIF($G$2:$G$52,G64,$H$2:$H$52) -> 6050000
G65: Хангүг Сувон Сэри | H65: =SUMIF($G$2:$G$52,G65,$H$2:$H$52) -> 1210000
G66: Мега | H66: =SUMIF($G$2:$G$52,G66,$H$2:$H$52) -> 0
G67: Монголкореа сторе | H67: =SUMIF($G$2:$G$52,G67,$H$2:$H$52) -> 137930000
G68: Арвин бүрэн | H68: =SUMIF($G$2:$G$52,G68,$H$2:$H$52) -> 6130000
G69: Гаалийн ахлах | H69: =SUMIF($G$2:$G$52,G69,$H$2:$H$52) -> 0
G70: Хувь хүн | H70: =SUMIF($G$2:$G$52,G70,$H$2:$H$52) -> 1245000
G71: Солонгос иргэдийн нийгэмлэг | H71: =SUMIF($G$2:$G$52,G71,$H$2:$H$52) -> 1200000
G72: Ихнаяд зах 87-р лангуу | H72: =SUMIF($G$2:$G$52,G72,$H$2:$H$52) -> 0
G73: Эко Грийн Энержи | H73: =SUMIF($G$2:$G$52,G73,$H$2:$H$52) -> 3400000
... G77: Манува интернэшнл | H77: =SUMIF($G$2:$G$52,G77,$H$2:$H$52) -> 8500000

Sheet kass
A4: Д/д | B4: Огноо | C4: Утга | D4: Орлого | E4: Зарлага | F4: Үлдэгдэл | G4: Дт | H4: Кт
A5: 0 | B5: 2025.01.09 | C5: Захирлаас зээлэв | D5: 430000000 | F5: =+D5 -> 430000000 | G5: касс | H5: =+'Guilgee balans'!C31 -> Тооцоо- ЛИЙ захирал
A6: 1 | B6: 2025.01.10 | C6: Барааны төлбөр төлөв | E6: 210600000 | F6: =D6+F5-E6 -> 219400000 | G6: Будааны БНТөглөг
A7: 2 | B7: =+BM!B16 -> 2025.01.24 | C7: Хангүг Сувон Сэри | D7: 1210000 | F7: =D7+F6-E7 -> 220610000 | G7: Будааны БНТөглөг
A8: 3 | B8: 2025.01.31 | C8: Мишээл од -2024 оны тайланд аудит | E8: 5000000 | F8: =D8+F7-E8 -> 215610000 | G8: Будааны БНТөглөг
A9: 4 | B9: 2025.01.31 | C9: Лий цалин олгов | E9: 549630 | F9: =D9+F8-E9 -> 215060370
A10: 5 | B10: 2025.02.28 | C10: Лий цалин олгов | E10: 549630 | F10: =D10+F9-E10 -> 214510740
A11: 6 | B11: 2025.03.13 | C11: Барааны төлбөр төлөв | E11: 181640000 | F11: =D11+F10-E11 -> 32870740
A12: 7 | B12: 2025.03.31 | C12: Лий цалин олгов | E12: 549630 | F12: =D12+F11-E12 -> 32321110
A13: 8 | B13: 2025.04.14 | C13: Барааны төлбөр төлөв | E13: 24829200 | F13: =D13+F12-E13 -> 7491910
A14: 9 | B14: =+Sheet3!B33 -> 2025.04.31 | C14: Хувь хүн | D14: 1245000 | F14: =D14+F13-E14 -> 8736910
A15: 10 | B15: 2025.04.31 | C15: Лий цалин олгов | E15: 655956 | F15: =D15+F14-E15 -> 8080954
A16: 11 | B16: 2025.05.31 | C16: Лий цалин олгов | E16: 655956 | F16: =D16+F15-E16 -> 7424998
A17: 12 | B17: =+BM!B33 -> 2025.06.30 | C17: Монголкореа сторе | D17: 5950000 | F17: =D17+F16-E17 -> 13374998
B18: 2025.06.31 | C18: Лий цалин олгов | E18: 655956 | F18: =D18+F17-E18 -> 12719042
B19: =+Sheet3!B43 -> 2025.07.08 | C19: Эко Грийн Энержи | D19: 3400000 | F19: =D19+F18-E19 -> 16119042
B20: =+BM!B35 -> 2025.07.24 | C20: Арвин бүрэн | D20: 1260000 | F20: =D20+F19-E20 -> 17379042
B21: =+Sheet3!B46 -> 2025.07.25 | C21: Мэлз дэлгэрэх Хайрхан | D21: 3780000 | F21: =D21+F20-E21 -> 21159042
B22: 2025.07.31 | C22: Лий цалин олгов | E22: 655956 | F22: =D22+F21-E22 -> 20503086
B23: 2025.08.31 | C23: Лий цалин олгов | E23: 655956 | F23: =D23+F22-E23 -> 19847130
A24: 13 | B24: 2025.09.30 | C24: Лий цалин олгов | E24: 655956 | F24: =D24+F23-E24 -> 19191174
A25: 14 | B25: 2025.10.31 | C25: Лий цалин олгов | E25: 655956 | F25: =D25+F24-E25 -> 18535218
A26: 15 | B26: 2025.10.31 | C26: Лий цалин олгов | E26: 31232 | F26: =D26+F25-E26 -> 18503986
A27: 16 | B27: 2025.11.26 | C27: Татан авалтын тооцоо шилжүүлэв | E27: 11434092 | F27: =D27+F26-E27 -> 7069894.1
A28: 17 | B28: 2025.11.30 | C28: Лий цалин олгов | E28: 655956 | F28: =D28+F27-E28 -> 6413938.1
A29: 18 | B29: 2025.12.31 | C29: Лий цалин олгов | E29: 655956 | F29: =D29+F28-E29 -> 5757982.1
D30: =SUM(D5:D29) -> 446845000 | E30: =SUM(E5:E29) -> 4.4108702e+08
H36: 0

Sheet Sheet1
